 Dungeon Crawl Stone Soup version 0.22-a0-565-gfc6459a (webtiles) character file.

547231 sauken the Necromancer (level 24, -14/289 HPs)
             Began as a Demonspawn Chaos Knight on June 27, 2018.
             Demolished by an electric golem (18 damage)
             ... on level 1 of the Realm of Zot on June 29, 2018.
             The game lasted 03:41:08 (69393 turns).

sauken the Necromancer (Demonspawn Chaos Knight)   Turns: 69393, Time: 03:41:09

Health: -14/289    AC: 29    Str: 26    XL:     24   Next: 93%
Magic:  0/37       EV: 18    Int: 22    God:    Xom [*.....]
Gold:   3889       SH: 19    Dex: 28    Spells: 5/43 levels left

rFire    + + +     SeeInvis .   Q - +8 demon blade "Leech" {vamp, rN+ AC-3 EV-3}
rCold    . . .     Gourm    .   J - +0 shield
rNeg     + . .     Faith    .   h - +6 fire dragon scales
rPois    +         Spirit   +   C - +2 hat
rElec    .         Reflect  +   r - +2 cloak
rCorr    .         Harm     .   (gloves unavailable)
MR       ++++.                  l - +2 pair of boots {run}
Stlth    ..........             S - +4 amulet of reflection
HPRegen  0.58/turn              T - ring "Uchoqoixze" {+Inv rPois Slay+3}
MPRegen  0.50/turn              B - ring of Veha {MR+ Dex+10 Slay+3}

@: berserking, death channel, slowed, heavily drained, quick
A: antennae 1, claws 3, fangs 1, talons 2, slimy green scales 2, camouflage 1,
agile 1, blink, clever 2, cold resistance 1, fire resistance 1, magic resistance
2, mutation resistance 1, nightstalker 3, sense surroundings 1, shaggy fur 1,
strong 2, magic shield, magic regeneration, magic link, flame cloud immunity,
MP-powered wands
}: 3/15 runes: decaying, serpentine, silver
a: Blink, Renounce Religion, Evoke Invisibility


You were on level 1 of the Realm of Zot.
You worshipped Xom.
You were a special plaything of Xom.
You were not hungry.

You visited 11 branches of the dungeon, and saw 49 of its levels.
You visited the Abyss 1 time.
You also visited: Bailey.

You collected 12180 gold pieces.
You spent 8291 gold pieces at shops.

Inventory:

Hand Weapons
 d - the +7 long sword of Iwnel {flame, rC+}
   (You bought it in a shop on level 5 of the Dungeon)

   It has been specially enchanted to burn those struck by it, causing extra
   injury to most foes and up to half again as much damage against particularly
   susceptible opponents.
   Big, fiery blades are also staple armaments of hydra-hunters.
   It protects you from cold.
 p - the +8 scimitar of Kismet {speed, rElec rF- MR++ Stlth+}
   (You took it off a deep elf knight on level 3 of the Elven Halls)

   Attacks with this weapon are significantly faster.
   It makes you vulnerable to fire.
   It insulates you from electricity.
   It affects your resistance to hostile enchantments.
   It makes you more stealthy.
 v - the +7 sceptre of Torment
   (You found it on level 3 of the Depths)
 F - the +6 demon blade of the Depths {elec, rN+ MR+ MP+9 Dex+3}
   (You acquired it on level 4 of the Snake Pit)

   Occasionally, upon striking a foe, it will discharge some electrical energy
   and cause terrible harm.
   It affects your dexterity (+3).
   It protects you from negative energy.
   It affects your resistance to hostile enchantments.
   It affects your magic capacity (+9).
 Q - the +8 demon blade "Leech" (weapon) {vamp, rN+ AC-3 EV-3}
   (You found it on level 3 of the Crypt)

   It inflicts no extra harm, but heals its wielder when it wounds a living foe.
   It affects your AC (-3).
   It affects your evasion (-3).
   It protects you from negative energy.
Armour
 h - +6 fire dragon scales (worn)
 l - a +2 pair of boots of running (worn)
 r - a +2 cloak (worn)
 C - a +2 hat (worn)
 J - a +0 shield (worn)
Jewellery
 s - an uncursed ring of wizardry
 u - an uncursed amulet of regeneration
 B - the ring of Veha (right claw) {MR+ Dex+10 Slay+3}
   (You found it on level 4 of the Dungeon)

   [ring of protection from magic]

   It affects your dexterity (+10).
   It affects your accuracy and damage with ranged weapons and melee attacks
   (+3).
   It affects your resistance to hostile enchantments.
 H - an uncursed ring of resist corrosion
 I - an uncursed ring of protection from fire
 L - an uncursed ring of protection from magic
 R - the ring "Jyrui" {Ice rElec Str+8 Int-3}
   (You took it off a deep elf demonologist on level 3 of the Elven Halls)

   [ring of ice]

   It enhances your ice magic.
   It affects your strength (+8).
   It affects your intelligence (-3).
   It makes you vulnerable to fire.
   It protects you from cold.
   It insulates you from electricity.
 S - a +4 amulet of reflection (around neck)
 T - the ring "Uchoqoixze" (left claw) {+Inv rPois Slay+3}
   (You found it on level 6 of the Lair of Beasts)

   [ring of poison resistance]

   It affects your accuracy and damage with ranged weapons and melee attacks
   (+3).
   It protects you from poison.
   It lets you turn invisible.
 Z - the ring of the Crushed Orbs {rC+ MP+9 Dex+2 SInv}
   (You took it off a nagaraja on level 3 of the Snake Pit)

   [ring of magical power]

   It affects your dexterity (+2).
   It protects you from cold.
   It affects your magic capacity (+9).
   It lets you see invisible.
Wands
 k - a wand of polymorph (16)
 t - a wand of acid (32)
 z - a wand of scattershot (14)
 E - a wand of digging (22)
 Y - a wand of clouds (12)
Scrolls
 b - 8 scrolls of enchant weapon
 e - 15 scrolls of remove curse
 f - a scroll of silence
 o - 2 scrolls of blinking
 q - 9 scrolls of fog
 w - a scroll of enchant armour
 y - 3 scrolls of fear
 N - 6 scrolls of teleportation
 P - 2 scrolls of summoning
 W - 4 scrolls of magic mapping
 X - 8 scrolls of identify
Potions
 a - 4 potions of cancellation
 g - 3 potions of might
 i - 4 potions of ambrosia
 j - 5 potions of agility
 m - 6 potions of lignification
 n - 11 potions of curing
 x - 3 potions of magic
 A - 4 potions of brilliance
 D - 4 potions of haste
 K - 5 potions of mutation
 M - 9 potions of heal wounds
 O - 10 potions of flight
 U - a potion of berserk rage
Miscellaneous
 V - a lamp of fire
Comestibles
 c - 42 rations


   Skills:
 - Level 16.6(14.0) Fighting
 - Level 17.5(14.9) Long Blades
 + Level 16.6(14.0) Armour
 - Level 13.9(11.5) Dodging
 - Level 5.1(3.2) Stealth
 - Level 15.1(12.6) Shields
 - Level 10.1(7.9) Spellcasting
 - Level 6.8(4.8) Charms
 - Level 19.2(16.5) Necromancy
 + Level 11.9(9.6) Transmutations


You had 5 spell levels left.
You knew the following spells:

 Your Spells              Type           Power        Failure   Level  Hunger
a - Animate Skeleton      Necr           N/A          1%          1    None
b - Regeneration          Chrm/Necr      ######....   1%          3    None
c - Animate Dead          Necr           N/A          1%          4    ###....
d - Vampiric Draining     Necr           ######....   1%          3    None
e - Death Channel         Necr           ######....   3%          6    ######.
f - Necromutation         Tmut/Necr      ######....   100%        8    #######
g - Borgnjor's Revivific  Necr           ######....   83%         8    #######
h - Dispel Undead         Necr           ######..     1%          5    #####..

Your spell library contained the following spells:

 Spells                   Type           Power        Failure   Level  Hunger
 Cause Fear               Hex            #.........   91%         4    ###....
 Magic Dart               Conj           #...         22%         1    None
 Fireball                 Conj/Fire      #.........   99%         5    #####..
 Apportation              Tloc           #.....       22%         1    None
 Conjure Flame            Conj/Fire      #.......     54%         3    None
 Bolt of Fire             Conj/Fire      #.........   100%        6    ######.
 Lightning Bolt           Conj/Air       #.........   99%         5    #####..
 Throw Frost              Conj/Ice       #.....       32%         2    None
 Controlled Blink         Tloc           N/A          100%        8    #######
 Ring of Flames           Chrm/Fire      ###.......   100%        7    #######
 Death's Door             Chrm/Necr      ######....   100%        8    #######
 Summon Small Mammal      Summ           #...         22%         1    None
 Bolt of Draining         Conj/Necr      #####.....   19%         5    #####..
 Iskenderun's Mystic Bla  Conj           #.......     91%         4    ###....
 Pain                     Necr           ####         1%          1    None
 Haunt                    Necr/Summ      #####.....   99%         7    #######
 Freeze                   Ice            #...         22%         1    None
 Sticky Flame             Conj/Fire      #.......     91%         4    ###....
 Summon Ice Beast         Ice/Summ       #.......     91%         4    ###....
 Ozocubu's Armour         Chrm/Ice       ###.....     24%         3    None
 Call Imp                 Summ           #.......     32%         2    None
 Sublimation of Blood     Necr           ######....   1%          2    None
 Tukima's Dance           Hex            #.......     54%         3    None
 Summon Demon             Summ           #.........   99%         5    #####..
 Corpse Rot               Necr           N/A          1%          2    None
 Iron Shot                Conj/Erth      #.........   100%        6    ######.
 Stone Arrow              Conj/Erth      #.....       54%         3    None
 Shock                    Conj/Air       #...         22%         1    None
 Swiftness                Chrm/Air       ###.....     12%         2    None
 Recall                   Summ/Tloc      N/A          54%         3    None
 Agony                    Necr           ######..     1%          5    #####..
 Spider Form              Tmut/Pois      ####......   9%          3    None
 Blade Hands              Tmut           ######....   11%         5    #####..
 Statue Form              Tmut/Erth      ####.....    99%         6    ######.
 Ice Form                 Ice/Tmut       ####....     28%         4    ###....
 Dragon Form              Tmut           ######....   98%         7    #######
 Deflect Missiles         Chrm/Air       ###.......   100%        6    ######.
 Throw Icicle             Conj/Ice       #.......     91%         4    ###....
 Airstrike                Air            #.........   91%         4    ###....
 Shadow Creatures         Summ           N/A          100%        6    ######.
 Confusing Touch          Hex            #.....       22%         1    None
 Flame Tongue             Conj/Fire      #....        22%         1    None
 Passwall                 Tmut/Erth      ####....     4%          2    None
 Sticks to Snakes         Tmut           ######..     1%          2    None
 Call Canine Familiar     Summ           #.......     54%         3    None
 Silence                  Hex/Air        #.........   99%         5    #####..
 Shatter                  Erth           #.........   100%        9    #######
 Dispersal                Tloc           #.........   100%        6    ######.
 Static Discharge         Conj/Air       #.......     54%         3    None
 Corona                   Hex            #......      22%         1    None
 Alistair's Intoxication  Tmut/Pois      ####....     63%         5    #####..
 Lee's Rapid Deconstruct  Erth           #.........   99%         5    #####..
 Sandblast                Erth           #.....       22%         1    None
 Simulacrum               Ice/Necr       #####.....   71%         6    ######.
 Conjure Ball Lightning   Conj/Air       #.........   100%        6    ######.
 Excruciating Wounds      Chrm/Necr      ######....   8%          5    #####..
 Portal Projectile        Hex/Tloc       #.....       54%         3    None
 Petrify                  Tmut/Erth      ####....     28%         4    ###....
 Malign Gateway           Summ/Tloc      #.........   100%        7    #######
 Tornado                  Air            #.........   100%        9    #######
 Shroud of Golubria       Chrm/Tloc      ###.......   12%         2    None
 Aura of Abjuration       Summ           #.........   99%         5    #####..
 Beastly Appendage        Tmut           ######       1%          1    None
 Disjunction              Tloc           #.........   100%        8    #######
 Force Lance              Conj/Tloc      #.......     91%         4    ###....
 Infusion                 Chrm           ####         3%          1    None
 Song of Slaying          Chrm           ####....     4%          2    None
 Spectral Weapon          Hex/Chrm       ###.....     24%         3    None
 Discord                  Hex            #.........   100%        8    #######
 Summon Forest            Summ/Tloc      #.........   99%         5    #####..
 Summon Lightning Spire   Summ/Air       #.......     91%         4    ###....
 Summon Guardian Golem    Hex/Summ       #.......     54%         3    None
 Dragon's Call            Summ           #.........   100%        9    #######
 Summon Mana Viper        Hex/Summ       #.......     99%         5    #####..
 Hydra Form               Tmut           ######....   52%         6    ######.
 Gell's Gravitas          Tloc           #.........   54%         3    None
 Yara's Violent Unravell  Hex/Tmut       ####......   63%         5    #####..
 Infestation              Necr           ######....   83%         8    #######
 Ignition                 Fire           #.........   100%        8    #######
 Borgnjor's Vile Clutch   Necr/Erth      #####.....   19%         5    #####..


Dungeon Overview and Level Annotations

Branches:
Dungeon (15/15)            Temple (1/1) D:6            Lair (6/6) D:11
  Swamp (4/4) Lair:3        Snake (4/4) Lair:4        Slime (0/5) Lair:5
    Orc (2/2) D:10            Elf (3/3) Orc:2        Vaults (5/5) D:14
  Crypt (3/3) Vaults:3       Tomb (0/3) Crypt:3      Depths (5/5) D:15
    Zot (1/5) Depths:5

Altars:
Ashenzari
Cheibriados
Dithmenos
Elyvilon
Fedhas
Gozag
Hepliaklqana
Kikubaaqudgha
Makhleb
Nemelex Xobeh
Okawaru
Qazlal
Ru
Sif Muna
Trog
Uskayaw
Vehumet
Wu Jian
Xom
Yredelemnul
Zin
The Shining One
Beogh
Jiyva

Shops:
D:5 [(![}   D:6 :   D:8 (   D:10 }   D:14 *   Orc:2 [:[%!   Elf:1 (!%   Elf:3 (
Snake:3 !   Vaults:2 ![   Vaults:3 :   Depths:2 [[(*   Depths:3 *

Portals:
Hell: Depths:1 Depths:2 Depths:3 Depths:4 Depths:5
Abyss: Depths:2 Depths:4
Pandemonium: Orc:2 Depths:2 Depths:3
Ziggurat: Depths:4

Annotations:
D:4 3 runed doors, Natasha; dang3rdave's ghost, amateur GrAE
Lair:5 exclusion: oklob plant
Crypt:1 Mennas


Innate Abilities, Weirdness & Mutations

You have claws for hands.
You are mostly covered in slimy green scales. (AC +3)
Your flesh is heat resistant. (rF+)
You are completely attuned to the shadows.
When hurt, damage is shared between your health and your magic reserves.
You regenerate magic rapidly.
When low on magic, you restore magic in place of health.
You are immune to clouds of flame.
You have a pair of small antennae on your head.
You have very sharp teeth.
You have razor-sharp toenails.
Your skin changes colour to match your surroundings (Stealth+).
You are agile. (Dex +2)
You can translocate small distances at will.
Your mind is very acute. (Int +4)
Your flesh is cold resistant. (rC+)
You are highly resistant to hostile enchantments. (MR++)
You are somewhat resistant to further mutation.
You passively map a small area around you.
You are covered in fur. (AC +1)
Your muscles are very strong. (Str +4)
You expend magic power (3 MP) to strengthen your wands.


Message History

The tentacled monstrosity tentacle-slaps you!
* * * LOW HITPOINT WARNING * * *
The tentacled monstrosity tentacle-slaps you but does no damage.
The tentacled monstrosity misses you.
Unknown command.
You carve the tentacled monstrosity like a ham!!!
The tentacled monstrosity is moderately wounded.
The electric golem closely misses you. You block the electric golem's attack.
The electric golem hits you but does no damage. x2
You block the death cob's attack.
Unknown command.
Unknown command.
You slice the tentacled monstrosity!! You bite the tentacled monstrosity!
The tentacled monstrosity is severely wounded.
You block the death cob's attack. You block the electric golem's attack.
The electric golem hits you.
* * * LOW HITPOINT WARNING * * *
The electric golem shocks you!!
You die...
Xom snickers!

** , , ,*
......... *
,.........# ,*
.$.......+ *
..........# *
..........#*,,
,
..........#**
, .....z..$.#
, ,...8@D....#
⌠....X§...# *
, ,..........#
, ,..........#
, ,
..........+ ,
* ,, ....∩....
* , .........
* #########*


You could see an electric golem, a shadow dragon, a tentacled monstrosity and a
death cob.

Vanquished Creatures
  An ancient lich (Depths:5)
  3 greater mummies
  Saint Roka (Crypt:2)
  Bai Suzhen (Snake:3)
  Vashnia (Snake:3)
  Margery (Depths:3)
  Frederick (Vaults:2)
  The ghost of Bidatih the Peltast, an adept MiBe of Trog (Vaults:2)
  5 golden dragons
  Jorgrun (Depths:2)
  Rupert (D:12)
  3 liches
  The ghost of Nornya the Thaumaturge, an adept GnWz of Ashenzari (Snake:3)
  2 deep elf blademasters (Elf:3)
  4 titans
  5 quicksilver dragons
  Frances (Snake:1)
  An ancient champion (Crypt:1)
  2 sphinxes
  5 thorn hunters
  2 shadow dragons (Depths:5)
  3 tengu reavers
  Kirke (Snake:1)
  8 nagarajas
  3 deep elf sorcerers (Elf:3)
  An iron dragon (Vaults:5)
  8 fire giants
  An azure jelly (Vaults:5)
  6 frost giants
  Aizul (Snake:4)
  2 ghost moths
  3 orc warlords
  Louise (Depths:4)
  A deep elf elementalist (Elf:3)
  10 vault wardens
  9 ghouls
  3 curse skulls (Crypt:3)
  2 war gargoyles (Vaults:5)
  A reaper (Crypt:2)
  7 ironheart preservers
  2 spriggan defenders (Depths:4)
  6 revenants
  17 stone giants
  10 very ugly things
  10 vampire knights
  10 deep elf demonologists
  A green draconian (Depths:5)
  2 entropy weavers (Vaults:4)
  Azrael (D:14)
  Nessos (Lair:5)
  A lorocyproca (Depths:2)
  6 deep elf annihilators (Elf:3)
  A red draconian (Depths:5)
  A minotaur (Snake:4)
  2 spectral quicksilver dragons (Crypt:3)
  9 eidola
  The ghost of Luam the Spear-Bearer, a journeyman OpFi of Cheibriados (Lair:5)
  A blizzard demon (Depths:1)
  5 fire dragons
  A merfolk javelineer (Depths:5)
  A fire dragon (shapeshifter) (Vaults:4)
  8 deep elf death magi
  2 mummy priests (Depths:3)
  4 jiangshi
  9 ettins
  7 yaktaur captains
  Josephine (D:15)
  Erolcha (D:12)
  6 great orbs of eyes
  8 naga warriors
  5 deep elf high priests
  20 hydras
  A ghost crab (Swamp:3)
  5 rakshasas
  10 ice dragons
  24 vault guards
  A spriggan air mage (Depths:3)
  A spectral shadow dragon (Crypt:3)
  12 centaur warriors
  A spectral fire giant (Crypt:3)
  7 death knights
  12 anacondas
  15 death yaks
  8 ogre magi
  32 two-headed ogres
  4 deep troll shamans
  A satyr (Vaults:2)
  9 alligators
  A spectral frost giant (Crypt:3)
  5 tengu warriors
  4 deep troll earth magi
  11 orc high priests
  6 vampire magi
  Urug (D:13)
  26 dancing weapons
  7 shock serpents
  9 soul eaters
  16 naga sharpshooters
  26 spriggans
  Sonja (Lair:4)
  4 spriggan berserkers
  A spectral storm dragon (Crypt:3)
  3 sun demons (Depths:1)
  14 deep elf knights
  Nergalle (Lair:3)
  A sixfirhy (Orc:2)
  6 shadow wraiths
  2 sea snakes (Snake:1)
  4 hell knights
  4 iron trolls
  A deep troll (shapeshifter) (Depths:1)
  2 salamander mystics (Snake:2)
  2 spriggan druids
  10 flayed ghosts
  A spectral anaconda (Crypt:3)
  24 skeletal warriors
  2 glowing orange brains (Depths:2)
  6 swamp dragons
  10 deep trolls
  4 unseen horrors
  A swamp dragon (shapeshifter) (Vaults:5)
  3 spectral hydras (Crypt:3)
  4 wizards
  4 naga ritualists
  3 gelid demonspawn (Orc:2)
  An infernal demonspawn (Orc:2)
  2 iron giant skeletons
  The ghost of Zaho the Gouger, a novice FeAr of Yredelemnul (D:12)
  11 ironbrand convokers
  2 shambling mangroves
  An obsidian statue (Depths:1)
  A mana viper (shapeshifter) (Vaults:5)
  2 tengu zombies
  13 deep elf archers
  4 necromancers
  20 orc knights
  8 mana vipers
  15 phantasmal warriors
  49 deep elf magi
  A golden dragon skeleton (Crypt:2)
  17 ugly things
  6 wolf spiders
  2 cyclopes
  A spectral shock serpent (Snake:3)
  A manticore (D:12)
  12 salamanders
  6 orc sorcerers (Orc:2)
  A stone giant zombie (Vaults:3)
  A faun (shapeshifter) (Depths:4)
  A spectral fire dragon (Crypt:3)
  A guardian serpent (shapeshifter) (Vaults:4)
  17 vault sentinels
  5 centaur zombies
  A smoke demon (Depths:2)
  2 gargoyles
  10 naga magi
  3 rust devils
  9 elephants
  Joseph (D:7)
  6 guardian serpents
  17 spiny frogs
  A water nymph (Snake:4)
  25 black mambas
  A stone giant skeleton (Crypt:2)
  Psyche (D:10)
  3 orange demons
  A storm dragon simulacrum (Crypt:3)
  6 komodo dragons
  25 yaktaurs
  4 rime drakes
  22 freezing wraiths
  3 tengu conjurers
  An elephant slug zombie (Crypt:2)
  A black draconian skeleton (Crypt:2)
  A hydra zombie (Crypt:3)
  2 trolls (shapeshifter)
  A small abomination (Elf:3)
  A minotaur skeleton (Crypt:3)
  A queen bee (shapeshifter) (D:7)
  3 ice devils
  2 red devils
  6 polar bears
  7 trolls
  9 tyrant leeches
  14 hornets
  19 blink frogs
  A jumping spider (shapeshifter) (Vaults:2)
  10 bog bodies
  A hippogriff (shapeshifter) (Elf:1)
  2 jumping spiders
  A sphinx simulacrum (Vaults:2)
  A hornet (shapeshifter) (Vaults:3)
  13 slime creatures
  An ettin zombie (Vaults:3)
  15 hippogriffs
  14 dream sheep
  2 air elementals
  13 shadows
  6 water elementals
  A ynoxinul (Depths:2)
  15 wraiths
  24 yaks
  3 redbacks
  A spectral salamander (Snake:3)
  2 humans (shapeshifter)
  An elf skeleton (Depths:5)
  8 fire elementals
  2 basilisks
  7 wyverns
  16 humans
  A hog (Snake:1)
  Grum (D:11)
  A chaos spawn (Orc:2)
  A catoblepas simulacrum (Crypt:3)
  A hungry ghost (D:15)
  23 vampire mosquitoes
  14 insubstantial wisps
  A spatial vortex (Vaults:4)
  6 wargs
  46 nagas
  A soldier ant (D:5)
  A monstrous demonspawn zombie (Crypt:3)
  12 water moccasins
  A swamp worm (shapeshifter) (Vaults:1)
  4 acid dragons
  15 swamp worms
  3 floating eyes
  A floating eye (shapeshifter) (Vaults:5)
  A soldier ant (shapeshifter) (D:15)
  2 sky beasts
  4 hell hounds (D:14)
  4 porcupines
  3 black bears
  3 ice beasts
  64 orc warriors
  2 hornet zombies
  2 spectral nagas (Snake:3)
  A spectral troll (Crypt:3)
  3 elf zombies
  8 swamp drakes
  A sky beast (shapeshifter) (Vaults:3)
  2 black bears (shapeshifter)
  26 ogres
  3 necrophages (Crypt:2)
  2 phantoms
  A black mamba simulacrum (Crypt:3)
  7 boggarts
  A fire dragon simulacrum (Crypt:3)
  A boggart (shapeshifter) (Vaults:5)
  27 wolves
  A snapping turtle skeleton (Crypt:1)
  24 centaurs
  17 crocodiles
  6 big kobolds (D:12)
  An octopode zombie (Crypt:1)
  16 bullfrogs
  A yaktaur skeleton (Vaults:1)
  An earth elemental (Elf:3)
  A glowing shapeshifter simulacrum (Vaults:3)
  A salamander skeleton (Crypt:1)
  A water moccasin zombie (D:12)
  A hippogriff skeleton (Crypt:1)
  2 scorpions
  4 naga simulacra (Snake:3)
  A polar bear skeleton (Crypt:1)
  A snapping turtle simulacrum (Crypt:3)
  4 wights (Crypt:2)
  4 killer bees
  A spectral ogre (Crypt:3)
  An electric eel (Lair:3)
  15 crimson imps
  A bullfrog zombie (D:11)
  6 hounds
  9 jellies
  2 quasits
  A wolf skeleton (Crypt:3)
  A gnoll shaman (D:7)
  39 orc priests
  A basilisk zombie (Crypt:2)
  Crazy Yiuf (D:3)
  5 iron imps
  22 orc wizards
  3 centaur skeletons
  7 iguanas
  A hell rat (Lair:6)
  9 worker ants
  A big kobold skeleton (Crypt:1)
  A hound zombie (D:5)
  2 worker ant zombies (D:9)
  11 gnolls
  15 adders
  7 shadow imps
  4 white imps
  2 ufetubi
  An ooze (D:6)
  2 adder zombies
  An iguana skeleton (Crypt:2)
  3 dart slugs (D:4)
  7 leopard geckos
  94 orcs
  5 ball pythons
  A bat skeleton (Crypt:1)
  13 giant cockroaches
  14 hobgoblins
  14 jackals
  21 kobolds
  5 quokkas
  6 bats
  5 frilled lizards
  A frilled lizard zombie (Crypt:1)
  6 goblins
  A quokka skeleton (D:5)
  A quokka zombie (D:7)
  8 rats
  A rat skeleton (Crypt:3)
  A river rat skeleton (Crypt:1)
  2 spectral orcs (Crypt:3)
  A butterfly (Lair:2)
  5 crawling corpses (Elf:3)
  2 fungi (Lair:5)
1995 creatures vanquished.

Vanquished Creatures (collateral kills)
  A juggernaut (Depths:4)
  Xtahua (Vaults:5)
  Nikola (Vaults:3)
  3 golden dragons
  A tentacled monstrosity (Vaults:4)
  A lich (Depths:2)
  A deep elf master archer (Elf:3)
  3 tengu reavers
  2 shadow dragons (Vaults:5)
  A draconian monk (Depths:5)
  A nagaraja (Snake:4)
  2 fire giants (Vaults:5)
  A draconian knight (Depths:5)
  5 frost giants
  A deep elf sorcerer (Elf:3)
  A deep elf elementalist (Vaults:5)
  A ghoul (Crypt:3)
  A war gargoyle (Vaults:5)
  2 stone giants
  3 very ugly things
  An ironheart preserver (Vaults:5)
  A green draconian (Depths:5)
  A deep elf annihilator (Elf:3)
  3 spark wasps
  A black draconian (Depths:5)
  A purple draconian (Depths:5)
  2 ettins
  A crystal guardian (Vaults:3)
  The ghost of popps the Spear-Bearer, a journeyman MiBe of Trog (Lair:3)
  2 deep elf death magi (Elf:3)
  2 fire dragons
  3 yaktaur captains
  A deep elf high priest (Vaults:5)
  5 hydras (Swamp:4)
  3 vault guards
  A great orb of eyes (Depths:2)
  2 ice dragons
  2 rakshasas
  3 centaur warriors
  5 two-headed ogres
  2 ogre magi
  2 spriggan berserkers (Depths:5)
  3 dancing weapons (Elf:2)
  A titan zombie (Depths:5)
  3 naga sharpshooters (Snake:3)
  A hell knight (Depths:3)
  3 deep elf knights
  A skeletal warrior (Depths:5)
  2 flayed ghosts
  An unseen horror (shapeshifter) (Vaults:4)
  3 swamp dragons (Swamp:4)
  5 deep trolls
  3 orc knights
  2 ironbrand convokers
  3 deep elf archers
  2 naga ritualists
  7 deep elf magi
  A mana viper (Snake:3)
  3 vault sentinels
  A black mamba (Snake:3)
  2 spiny frogs (Lair:6)
  A human zombie (Vaults:1)
  A komodo dragon (Lair:6)
  A freezing wraith (Vaults:4)
  5 yaktaurs
  2 hornets
  A bog body (Swamp:4)
  6 dream sheep (Lair:6)
  A slime creature (Vaults:1)
  2 stone giant simulacra (Vaults:1)
  A yak (D:11)
  A redback (Vaults:5)
  A naga (shapeshifter) (D:5)
  3 nagas (Snake:4)
  6 swamp drakes (Swamp:4)
  A hornet zombie (Crypt:2)
  3 orc warriors
  A wolf (shapeshifter) (Vaults:5)
  A black mamba simulacrum (Snake:3)
  4 ogres
  A centaur (shapeshifter) (Vaults:5)
  3 centaurs
  A scorpion (shapeshifter) (D:3)
  A jelly (D:5)
  4 orc priests
  An orc wizard (Vaults:4)
  An adder (D:3)
  A worm (D:3)
  7 orcs
  A goblin (D:3)
  A hobgoblin (D:3)
  2 jackals (D:3)
  A kobold (D:3)
  A bat (D:3)
  A fungus (Lair:3)
194 creatures vanquished.

Vanquished Creatures (others)
  A deep elf master archer (Elf:3)
  A tengu reaver (Vaults:5)
  A deep elf annihilator (Elf:3)
  An alligator (Swamp:2)
  A centaur warrior (Depths:1)
  A dancing weapon (Elf:2)
  An ogre mage (Depths:1)
  A soul eater (Depths:5)
  A deep elf archer (Vaults:1)
  A deep elf mage (Elf:2)
  A manticore (D:15)
  A centaur skeleton (D:15)
  5 dream sheep (Lair:5)
  2 blink frogs (Lair:4)
  A human (Snake:1)
  A vampire mosquito (Swamp:2)
  A naga (Snake:3)
  An orc warrior (Vaults:3)
  A boggart (Depths:3)
  A centaur (D:11)
  A ball lightning (Vaults:4)
  A fire vortex (Vaults:1)
  5 fungi
  16 plants
48 creatures vanquished.

Grand Total: 2237 creatures vanquished

Notes
Turn   | Place    | Note
-------+----------+-------------------------------------------
     0 | D:1      | sauken the Demonspawn Chaos Knight began the quest for the Orb.
     0 | D:1      | Reached XP level 1. HP: 18/18 MP: 1/1
    74 | D:1      | XOM: divination: detect creatures
   221 | D:1      | XOM: harmless Ice miscast
   243 | D:1      | XOM: smoke on damage
   315 | D:1      | Gained mutation: When hurt, damage is shared between your health and your magic reserves. [demonic ancestry]
   315 | D:1      | Reached XP level 2. HP: 9/24 MP: 2/2
   694 | D:1      | XOM: potion effect (brilliance)
   710 | D:1      | XOM: silly message
   798 | D:1      | Gained mutation: You regenerate magic rapidly. [demonic ancestry]
   798 | D:1      | Reached XP level 3. HP: 29/29 MP: 3/3
  1239 | D:2      | Found a faded altar of an unknown god.
  1338 | D:2      | Found a stormy altar of Qazlal.
  1348 | D:2      | Reached XP level 4. HP: 34/37 MP: 4/4
  1471 | D:2      | XOM: harmless Erth miscast
  1846 | D:2      | Found a glowing silver altar of Zin.
  1920 | D:3      | XOM: fog
  1921 | D:3      | XOM: cloud trail
  1931 | D:3      | XOM: cast spell 'Summon Hydra'
  1944 | D:3      | XOM: summons friendly soul eater
  2070 | D:3      | Found a glowing golden altar of the Shining One.
  2074 | D:3      | Gained mutation: You are slightly more attuned to the shadows. [demonic ancestry]
  2074 | D:3      | Reached XP level 5. HP: 39/42 MP: 5/5
  2247 | D:3      | Found a runed door.
  2338 | D:3      | Noticed a porcupine
  2338 | D:3      | an ooze changed into a porcupine
  2341 | D:3      | Killed a porcupine
  2341 | D:3      | Reached skill level 5 in Long Blades
  2496 | D:3      | XOM: cloud trail
  2580 | D:3      | Noticed Crazy Yiuf
  2584 | D:3      | XOM: fog
  2623 | D:3      | HP: 2/43 [poisoned by Crazy Yiuf]
  2634 | D:3      | XOM: divination: detect items
  2648 | D:3      | XOM: 4-stop teleportation journey
  3125 | D:3      | XOM: divination: detect creatures
  3126 | D:3      | Paralysed by Crazy Yiuf for 7 turns
  3129 | D:3      | XOM: blink monster(s)
  3131 | D:3      | XOM: swap monsters
  3133 | D:3      | Gained mutation: You have sharp fingernails. [demonic ancestry]
  3133 | D:3      | Reached XP level 6. HP: 31/49 MP: 4/6
  3145 | D:3      | Killed Crazy Yiuf
  3148 | D:3      | XOM: give mutations
  3148 | D:3      | Gained mutation: You are dopey. (Int -2) [Xom's mischief]
  3148 | D:3      | Gained mutation: You are weak. (Str -2) [Xom's mischief]
  3148 | D:3      | Gained mutation: You are somewhat resistant to further mutation. [Xom's mischief]
  3148 | D:3      | Gained mutation: You have sharp toenails. [Xom's mischief]
  3430 | D:4      | XOM: mild Tmut miscast
  3502 | D:4      | Found a radiant altar of Vehumet.
  3601 | D:4      | Reached skill level 5 in Fighting
  3742 | D:4      | Found a runed gate.
  3742 | D:4      | Found a runed gate.
  3742 | D:4      | Found a runed gate.
  3742 | D:4      | Noticed dang3rdave's ghost (amateur GrAE)
  3787 | D:4      | Got a shimmering turquoise ring
  3788 | D:4      | Identified the ring of Veha {MR+ Dex+10 Slay+3} (You found it on level 4 of the Dungeon)
  3898 | D:4      | Reached XP level 7. HP: 47/56 MP: 5/7
  4022 | D:4      | XOM: harmless Necr miscast
  4074 | D:4      | Noticed Natasha
  4192 | D:4      | XOM: mild Pois miscast
  4243 | D:4      | XOM: god gift: 22 sling bullets
  4469 | D:5      | Entered Level 5 of the Dungeon
  4524 | D:5      | Found Doecounkiss's Gadget Emporium.
  4600 | D:5      | Found Tizucs's Antique Armour Boutique.
  4650 | D:5      | XOM: divination: magic mapping
  4652 | D:5      | XOM: summons friendly white imp
  4665 | D:5      | XOM: polymorph white imp -> shadow imp
  4722 | D:5      | Found Ocemm's Distillery.
  4738 | D:5      | Noticed a wyvern
  4887 | D:5      | XOM: scenery: create altars
  4893 | D:5      | XOM: summons 5 friendly demons
  5037 | D:5      | XOM: 5-stop teleportation journey
  5271 | D:5      | Gained mutation: You are significantly more attuned to the shadows. [demonic ancestry]
  5271 | D:5      | Reached XP level 8. HP: 43/64 MP: 6/8
  5378 | D:5      | XOM: fog
  5387 | D:5      | XOM: polymorph wyvern -> wolf
  5460 | D:5      | Found Jyll's Weapon Shoppe.
  5563 | D:5      | XOM: polymorph orc wizard -> swamp drake
  5567 | D:5      | XOM: fog
  5597 | D:5      | XOM: divination: magic mapping
  5731 | D:5      | XOM: summons 2 hostile demons
  5732 | D:5      | Noticed an orange demon
  5887 | D:4      | XOM: harmless Air miscast
  5991 | D:5      | Found Usuergh's Armour Emporium.
  6170 | D:6      | XOM: summons 4 hostile demons
  6171 | D:6      | Noticed a hellwing
  6633 | D:5      | XOM: draining
  6646 | D:5      | XOM: give mutations
  6646 | D:5      | Lost mutation: You are somewhat resistant to further mutation. [Xom's grace]
  6646 | D:5      | Gained mutation: You evolve. [Xom's grace]
  6646 | D:5      | Lost mutation: You are dopey. (Int -2) [Xom's grace]
  6646 | D:5      | Lost mutation: You evolve. [Xom's grace]
  6646 | D:5      | Gained mutation: You are somewhat resistant to further mutation. [Xom's grace]
  6683 | D:5      | Bought a scorched scale mail for 171 gold pieces
  6693 | D:5      | Identified the +1 scale mail "Dyawn" {Str+4} (You bought it in a shop on level 5 of the Dungeon)
  6914 | D:6      | Reached skill level 1 in Dodging
  7002 | D:6      | Found a staircase to the Ecumenical Temple.
  7016 | Temple   | Entered the Ecumenical Temple
  7448 | D:6      | XOM: summons friendly shadow imp
  7454 | D:6      | XOM: blink monster(s)
  7544 | D:6      | Found Xunoesk's Book Boutique.
  7773 | D:6      | XOM: scenery: 4 doors close
  7839 | D:5      | Bought a potion of might for 48 gold pieces
  7912 | D:7      | Noticed a hippogriff
  7913 | D:7      | Reached XP level 9. HP: 72/72 MP: 9/9
  7913 | D:7      | XOM: divination: detect items
  7916 | D:7      | Noticed a queen bee
  7916 | D:7      | a hippogriff changed into a queen bee
  7916 | D:7      | XOM: polymorph hippogriff -> queen bee
  7925 | D:7      | Noticed Joseph
  7926 | D:7      | XOM: enchant monster (good)
  7927 | D:7      | Killed a queen bee
  7941 | D:7      | XOM: smoke on damage
  7942 | D:7      | Killed Joseph
  8182 | D:7      | Found a hide-covered altar of Uskayaw.
  8185 | D:7      | Found a shimmering altar of Xom.
  8187 | D:7      | Found an ancient bone altar of Kikubaaqudgha.
  8202 | D:7      | Found a sparkling altar of Nemelex Xobeh.
  8443 | D:7      | XOM: silly message
  8629 | D:8      | Noticed a troll
  8638 | D:8      | Found a flagged portal.
  8643 | D:8      | Got a shimmering hand axe
  8646 | Bailey   | Entered a bailey
  8647 | Bailey   | Identified the cursed +0 hand axe of Afeat {venom, +Rage MR++} (You found it on level 8 of the Dungeon)
  8692 | Bailey   | Noticed an orc knight
  8700 | Bailey   | XOM: potion effect (haste)
  8704 | Bailey   | XOM: fog
  8705 | Bailey   | Killed an orc knight
  8705 | Bailey   | Reached skill level 10 in Long Blades
  8714 | Bailey   | Found a bloodstained altar of Trog.
  8818 | D:8      | XOM: 8-stop teleportation journey
  8963 | D:8      | Found an ancient bone altar of Kikubaaqudgha.
  8988 | D:8      | XOM: scenery: create altars
  9146 | D:8      | Noticed a brown ugly thing
  9164 | D:8      | XOM: enchant monster (good)
  9186 | D:8      | Found Umifia's Antique Weapon Emporium.
  9198 | D:8      | Killed a brown ugly thing
  9198 | D:8      | Reached XP level 10. HP: 55/80 MP: 7/10
  9520 | D:8      | XOM: 1-stop teleportation journey
  9691 | D:8      | XOM: give mutations
  9691 | D:8      | Lost mutation: You are weak. (Str -2) [Xom's mischief]
  9691 | D:8      | Gained mutation: You occasionally shout uncontrollably at your foes. [Xom's mischief]
  9691 | D:8      | Gained mutation: You are frail. (-10% HP) [Xom's mischief]
  9788 | D:8      | Noticed a six-headed hydra
  9853 | D:9      | XOM: cloud trail
  9920 | D:9      | XOM: god gift: 49 gold pieces
  9957 | D:9      | Reached skill level 1 in Stealth
 10220 | D:9      | XOM: noise
 10249 | D:9      | Reached skill level 5 in Stealth
 10349 | D:8      | XOM: harmless Tmut miscast
 10422 | D:5      | Bought a +0 buckler for 58 gold pieces
 10497 | D:5      | Bought a pair of gloves for 85 gold pieces
 10932 | D:9      | Reached skill level 1 in Shields
 11045 | D:9      | XOM: torment (42/73 hp)
 11117 | D:9      | XOM: scenery: create altars
 11181 | D:9      | XOM: give mutations
 11181 | D:9      | Gained mutation: Your flesh is heat resistant. (rF+) [Xom's grace]
 11181 | D:9      | Gained mutation: You are partially covered in slimy green scales. (AC +2) [Xom's grace]
 11181 | D:9      | Gained mutation: Your system is resistant to poisons. (rPois) [Xom's grace]
 11181 | D:9      | Gained mutation: Your mind is acute. (Int +2) [Xom's grace]
 11571 | D:10     | Entered Level 10 of the Dungeon
 11607 | D:10     | Noticed Psyche
 11616 | D:10     | Killed Psyche
 11763 | D:10     | Found a staircase to the Orcish Mines.
 11838 | D:10     | XOM is BORED!
 11838 | D:10     | Found Zolodaoj's Gadget Shop.
 11838 | D:10     | XOM: 10-stop teleportation journey
 11951 | D:10     | XOM: scenery: create altars
 12094 | D:10     | XOM: give mutation
 12094 | D:10     | Gained mutation: You are resistant to electric shocks. (rElec) [Xom's grace]
 12219 | D:10     | XOM: god gift: lamp of fire
 12229 | D:10     | XOM: give mutations
 12229 | D:10     | Gained mutation: You expend magic power (3 MP) to strengthen your wands. [Xom's grace]
 12229 | D:10     | Gained mutation: Your mind is very acute. (Int +4) [Xom's grace]
 12229 | D:10     | Gained mutation: Your muscles are strong. (Str +2) [Xom's grace]
 12474 | D:11     | XOM is BORED!
 12474 | D:11     | XOM: give mutation
 12474 | D:11     | Lost mutation: You have sharp toenails. [Xom's mischief]
 12516 | D:11     | XOM: summons friendly shadow imp
 12521 | D:11     | Reached skill level 5 in Shields
 12523 | D:11     | XOM: confuse monster(s)
 12530 | D:11     | XOM: summons 4 friendly demons
 12553 | D:11     | Reached XP level 11. HP: 53/78 MP: 8/11
 12796 | D:11     | Noticed a two-headed ogre
 12876 | D:10     | XOM: scenery: create altars
 12959 | D:11     | Noticed a white ugly thing
 12959 | D:11     | XOM: noise
 12963 | D:11     | XOM: butterfly on damage
 12968 | D:11     | XOM: polymorph butterfly -> adder
 13102 | D:11     | Killed a two-headed ogre
 13230 | D:11     | Killed a white ugly thing
 13472 | D:11     | Noticed Grum
 13497 | D:11     | Killed Grum
 13540 | D:11     | Noticed a death yak
 13540 | D:11     | Noticed a death yak
 13541 | D:11     | Noticed a death yak
 13541 | D:11     | Noticed a death yak
 13542 | D:11     | Noticed a death yak
 13562 | D:11     | Noticed a two-headed ogre
 13567 | D:11     | Found a staircase to the Lair.
 13568 | D:11     | XOM: divination: detect items
 13574 | Lair:1   | Entered Level 1 of the Lair of Beasts
 13730 | Lair:1   | XOM: confuse monster(s)
 13738 | Lair:1   | Reached skill level 5 in Armour
 13738 | Lair:1   | XOM: silly message
 13745 | Lair:1   | XOM: enchant monster (good)
 13750 | Lair:1   | XOM: cleaving
 13753 | Lair:1   | XOM: confuse monster(s)
 13906 | Lair:1   | Identified the Reference Book on Lucky Execration
 13913 | Lair:1   | XOM: blink monster(s)
 13916 | Lair:1   | XOM: confuse monster(s)
 13931 | Lair:1   | XOM: polymorph spiny frog -> hippogriff
 13965 | Lair:1   | XOM: summons 2 friendly demons
 13972 | Lair:1   | Reached skill level 5 in Dodging
 14159 | Lair:1   | XOM: give mutation
 14159 | Lair:1   | Gained mutation: Your muscles are very strong. (Str +4) [Xom's mischief]
 14191 | Lair:1   | Noticed a four-headed hydra
 14284 | Lair:1   | XOM: confusion
 14289 | Lair:1   | Noticed an alligator
 14289 | Lair:1   | a five-headed hydra changed into an alligator
 14289 | Lair:1   | XOM: polymorph five-headed hydra -> alligator
 14290 | Lair:1   | XOM: summons 2 hostile shadow creatures
 14300 | Lair:1   | XOM: silly message
 14308 | Lair:1   | XOM: summons 5 hostile demons
 14319 | Lair:1   | XOM: 1-stop teleportation journey
 14341 | Lair:1   | XOM: harmless Tmut miscast
 14531 | Lair:1   | XOM: 2-stop teleportation journey
 14705 | Lair:1   | XOM: summons 5 hostile demons
 14706 | Lair:1   | XOM: mild Necr miscast
 14756 | Lair:1   | XOM: draining
 14994 | Lair:2   | Killed an alligator
 15232 | Lair:2   | XOM: blink monster(s)
 15234 | Lair:2   | XOM: cleaving
 15317 | Lair:2   | Gained mutation: You are completely attuned to the shadows. [demonic ancestry]
 15317 | Lair:2   | Reached XP level 12. HP: 85/85 MP: 12/12
 15373 | Lair:2   | XOM: summons 6 hostile demons
 15387 | Lair:2   | XOM: mild Tmut miscast
 15880 | Lair:2   | XOM: mild Pois miscast
 16000 | Lair:3   | Noticed Nergalle
 16010 | Lair:3   | XOM: harmless Ice miscast
 16014 | Lair:3   | XOM: potion effect (agility)
 16016 | Lair:3   | XOM: potion effect (heal wounds)
 16026 | Lair:3   | XOM: confusion
 16043 | Lair:3   | XOM: divination: detect creatures
 16051 | Lair:3   | Killed Nergalle
 16061 | Lair:3   | XOM: harmless Erth miscast
 16221 | Lair:3   | XOM: divination: detect creatures
 16255 | Lair:3   | XOM: noise
 16285 | Lair:3   | XOM: cloud trail
 16297 | Lair:3   | XOM: confuse monster(s)
 16342 | Lair:3   | Found a staircase to the Swamp.
 16344 | Lair:3   | XOM: harmless Summ miscast
 16521 | Lair:3   | XOM: blink monster(s)
 16711 | Lair:3   | Found a runed gate.
 16715 | Lair:3   | Found a runed gate.
 16715 | Lair:3   | Found a runed gate.
 16871 | Lair:3   | XOM: harmless Tloc miscast
 17104 | Lair:3   | XOM: give mutations
 17104 | Lair:3   | Lost mutation: You expend magic power (3 MP) to strengthen your wands. [Xom's mischief]
 17104 | Lair:3   | Lost mutation: Your mind is very acute. (Int +4) [Xom's mischief]
 17323 | Lair:3   | Reached skill level 10 in Fighting
 17338 | Lair:3   | Noticed popps's ghost (journeyman MiBe)
 17359 | Lair:3   | XOM: mild Erth miscast
 17363 | Lair:3   | XOM: enchant monster (bad)
 17410 | Lair:3   | XOM: summons 4 friendly demons
 17422 | Lair:3   | Killed popps's ghost
 17508 | Lair:3   | Found a viscous altar of Jiyva.
 17514 | Lair:3   | Got a crude flail
 17567 | Lair:4   | XOM: polymorph polar bear -> troll
 17702 | Lair:4   | Found a staircase to the Snake Pit.
 17744 | Lair:4   | XOM: divine lightning
 18186 | Lair:4   | Noticed Sonja
 18191 | Lair:4   | Killed Sonja
 18334 | Lair:4   | XOM: give mutations
 18334 | Lair:4   | Gained mutation: You can translocate small distances at will. [Xom's grace]
 18334 | Lair:4   | Gained mutation: Your spells are a little harder to cast, but a little more powerful. [Xom's grace]
 18334 | Lair:4   | Lost mutation: You are somewhat resistant to further mutation. [Xom's grace]
 18334 | Lair:4   | Gained mutation: You evolve. [Xom's grace]
 18336 | Lair:4   | XOM: scenery: create altars
 18391 | Lair:4   | XOM: god gift: pair of shimmering gloves {god gift}
 18392 | Lair:4   | Got a pair of shimmering gloves {god gift}
 18403 | Lair:4   | Identified the +1 pair of gloves of Amelioration {Regen+ Int+4} (Xom gifted it to you on level 4 of the Lair of Beasts)
 18414 | Lair:4   | XOM: scenery: create altars
 18528 | Lair:5   | Noticed Nessos
 18545 | Lair:5   | XOM: potion effect (might)
 18553 | Lair:5   | Killed Nessos
 18601 | Lair:5   | Found a runed gate.
 18601 | Lair:5   | Noticed a ten-headed hydra
 18602 | Lair:5   | Found a runed gate.
 18602 | Lair:5   | Noticed Luam's ghost (journeyman OpFi)
 18603 | Lair:5   | Found a runed gate.
 18630 | Lair:5   | XOM: cleaving
 18635 | Lair:5   | Mutation became permanent: You are partially covered in slimy green scales. (AC +2) [demonic ancestry]
 18635 | Lair:5   | Gained mutation: You are partially covered in slimy green scales. (AC +2) [demonic ancestry]
 18635 | Lair:5   | Reached XP level 13. HP: 93/93 MP: 13/13
 18660 | Lair:5   | XOM: confuse monster(s)
 18758 | Lair:5   | XOM: give mutations
 18758 | Lair:5   | Gained mutation: You are agile. (Dex +2) [Xom's grace]
 18758 | Lair:5   | Lost mutation: You evolve. [Xom's grace]
 18758 | Lair:5   | Gained mutation: You are somewhat resistant to further mutation. [Xom's grace]
 18758 | Lair:5   | Lost mutation: You are somewhat resistant to further mutation. [Xom's grace]
 18758 | Lair:5   | Gained mutation: You evolve. [Xom's grace]
 18800 | Lair:5   | XOM: scenery: 1 doors open
 18881 | Lair:5   | Found a staircase to the Slime Pits.
 18973 | Lair:5   | XOM: confuse monster(s)
 18984 | Lair:5   | XOM: cleaving
 19351 | Lair:5   | Found a shimmering altar of Xom.
 19366 | Lair:5   | Noticed an ettin
 19366 | Lair:5   | a ten-headed hydra changed into an ettin
 19366 | Lair:5   | XOM: polymorph ten-headed hydra -> ettin
 19370 | Lair:5   | XOM: harmless Tmut miscast
 19372 | Lair:5   | XOM: cleaving
 19374 | Lair:5   | XOM: confuse monster(s)
 19381 | Lair:5   | Killed an ettin
 19383 | Lair:5   | XOM: give mutations
 19383 | Lair:5   | Gained mutation: You are covered in fur. (AC +1) [Xom's grace]
 19383 | Lair:5   | Gained mutation: Your flesh is cold resistant. (rC+) [Xom's grace]
 19383 | Lair:5   | Gained mutation: You have very sharp teeth. [Xom's grace]
 19383 | Lair:5   | Gained mutation: You have a pair of small antennae on your head. [Xom's grace]
 19578 | Lair:5   | XOM: scenery: create altars
 19599 | Lair:6   | Entered Level 6 of the Lair of Beasts
 19632 | Lair:6   | XOM: summons friendly iron imp
 19649 | Lair:6   | XOM: fog
 19692 | Lair:6   | XOM: potion effect (haste)
 19707 | Lair:6   | XOM: divination: detect creatures
 19753 | Lair:6   | Got a coiled lapis lazuli ring
 19756 | Lair:6   | Identified the ring "Uchoqoixze" {+Inv rPois Slay+3} (You found it on level 6 of the Lair of Beasts)
 19802 | Lair:6   | XOM: summons 6 friendly demons
 19902 | Lair:6   | XOM: divination: detect items
 19921 | Lair:6   | XOM: cast spell 'Death Channel'
 20026 | Lair:6   | Found a deep blue altar of Sif Muna.
 20055 | Lair:6   | Lost mutation: You are agile. (Dex +2) [evolution]
 20099 | Lair:6   | XOM: god gift: short runed staff {god gift}
 20170 | Lair:6   | XOM: confuse monster(s)
 20440 | Lair:6   | XOM: confuse monster(s)
 20444 | Lair:6   | XOM: divination: detect items
 20667 | Lair:6   | XOM: polymorph six-headed hydra -> ice dragon
 20676 | Lair:6   | XOM: confuse monster(s)
 20680 | Lair:6   | XOM: confuse monster(s)
 20682 | Lair:6   | XOM: summons friendly ufetubus
 20695 | Lair:6   | Reached XP level 14. HP: 101/101 MP: 14/14
 20764 | Lair:6   | XOM: blink monster(s)
 20784 | Lair:6   | XOM: confusion (+ monsters)
 20795 | Lair:6   | XOM: enchant monster (bad)
 21046 | Lair:6   | Learned a level 1 spell: Animate Skeleton
 21066 | Lair:6   | XOM: summons friendly shadow imp
 21095 | Lair:6   | XOM: enchant monster (good)
 21103 | Lair:6   | XOM: mild Ice miscast
 21129 | Lair:6   | XOM: harmless Erth miscast
 21270 | D:11     | XOM: summons 7 hostile demons
 21274 | D:11     | XOM: enchant monster (bad)
 21286 | D:11     | XOM: noise
 21295 | D:11     | XOM: swap monsters
 21299 | D:11     | XOM: fake destruction
 21456 | D:8      | XOM: summons 3 hostile demons
 21520 | D:6      | XOM: harmless Erth miscast
 21651 | D:5      | Bought the +7 long sword of Iwnel {flame, rC+} for 718 gold pieces
 21775 | D:8      | XOM: medium Tloc miscast
 21862 | D:8      | Found the +7 Spriggan's Knife {MR+ EV+4 Dex+4 Stlth+}
 21873 | D:8      | XOM: summons 4 friendly demons
 21888 | D:8      | XOM: mild Conj miscast
 21891 | D:8      | XOM: cast spell 'Olgreb's Toxic Radiance'
 21929 | D:8      | Identified a +1 pair of boots of running (You found it on level 8 of the Dungeon)
 21944 | D:8      | XOM: divination: detect creatures
 22152 | D:10     | XOM: harmless Hex miscast
 22287 | Lair:5   | XOM: potion effect (agility)
 22402 | Lair:5   | XOM: harmless Erth miscast
 22403 | Lair:5   | Reached skill level 15 in Long Blades
 22413 | Lair:5   | Got an iridescent long sword
 22415 | Lair:5   | Identified the +4 long sword "Dicw" {speed, *Noise +Fly rN+ Str+3} (You found it on level 5 of the Lair of Beasts)
 22425 | Lair:5   | XOM: enchant monster (good)
 22431 | Lair:5   | Killed Luam's ghost
 22572 | D:11     | Lost mutation: You are frail. (-10% HP) [evolution]
 22674 | D:11     | XOM: cloud trail
 22946 | D:12     | XOM: harmless Pois miscast
 23103 | D:12     | Noticed Rupert
 23112 | D:12     | Noticed Erolcha
 23119 | D:12     | Killed Rupert
 23119 | D:12     | Reached skill level 1 in Necromancy
 23128 | D:12     | Killed Erolcha
 23289 | D:12     | Found a runed door.
 23289 | D:12     | Noticed Zaho's ghost (novice FeAr)
 23390 | D:12     | Killed Zaho's ghost
 23494 | D:12     | XOM: divination: detect items
 23495 | D:12     | XOM: cast spell 'Summon Small Mammal'
 23550 | D:12     | Reached skill level 2 in Necromancy
 23631 | D:12     | Gained mutation: You have very sharp fingernails. [demonic ancestry]
 23631 | D:12     | Reached XP level 15. HP: 117/122 MP: 13/15
 23827 | D:13     | Reached skill level 10 in Armour
 23923 | D:13     | XOM: blink monster(s)
 23991 | D:13     | XOM: divination: detect creatures
 24003 | D:13     | XOM: noise
 24122 | D:13     | XOM: harmless Tloc miscast
 24341 | D:14     | Found a gate to the Vaults.
 24341 | D:14     | Noticed Urug
 24345 | D:14     | XOM: smoke on damage
 24346 | D:14     | Reached skill level 3 in Necromancy
 24439 | D:13     | XOM: confusion (+ monsters)
 24440 | D:13     | Killed Urug
 24447 | D:13     | Reached skill level 10 in Dodging
 24479 | D:14     | XOM: noise
 24480 | D:13     | XOM: summons friendly quasit
 24608 | D:14     | Noticed Azrael
 24623 | D:14     | XOM: blink monster(s)
 24630 | D:14     | Killed Azrael
 24660 | D:14     | XOM: summons 1 hostile shadow creature
 24724 | D:14     | Found a basalt altar of Yredelemnul.
 24755 | D:14     | Reached skill level 4 in Necromancy
 24857 | D:14     | Found Neulooc's Blood Bar.
 24863 | D:14     | XOM: noise
 25020 | D:14     | Learned a level 3 spell: Regeneration
 25139 | D:15     | Entered Level 15 of the Dungeon
 25168 | D:15     | XOM: chaos upgrade
 25210 | D:15     | XOM: mild Fire miscast
 25238 | D:15     | XOM: 4-stop teleportation journey
 25248 | D:15     | Reached skill level 1 in Charms
 25256 | D:15     | XOM: divine lightning
 25287 | D:15     | XOM: polymorph ice dragon -> fire dragon
 25423 | D:15     | XOM: 1-stop teleportation journey
 25595 | D:15     | Found a staircase to the Depths.
 25692 | D:15     | Noticed Josephine
 25707 | D:15     | XOM: scenery: create altars
 25711 | D:15     | Killed Josephine
 26161 | D:15     | XOM: scenery: create altars
 26638 | Orc:1    | Entered Level 1 of the Orcish Mines
 26835 | Orc:1    | Found a roughly hewn altar of Beogh.
 27045 | Orc:2    | Entered Level 2 of the Orcish Mines
 27078 | Orc:2    | Gained mutation: You are resistant to hostile enchantments. (MR+) [evolution]
 27111 | Orc:2    | XOM: mild Hex miscast
 27147 | Orc:2    | XOM: noise
 27220 | Orc:2    | XOM: summons 7 friendly demons
 27450 | Orc:2    | XOM: mild Necr miscast
 27465 | Orc:2    | XOM: noise
 27469 | Orc:2    | Reached XP level 16. HP: 130/130 MP: 16/16
 27559 | Orc:2    | XOM: harmless Summ miscast
 27619 | Orc:2    | XOM: god gift: shiny helmet {god gift}
 28086 | Orc:2    | XOM: divination: detect items
 28115 | Orc:2    | Found Befem's Book Shoppe.
 28115 | Orc:2    | Found a one-way gate leading to the halls of Pandemonium.
 28115 | Orc:2    | Found Obublopn's Antique Armour Emporium.
 28173 | Orc:2    | XOM: harmless Ice miscast
 28193 | Orc:2    | Found Ysoeshro's Food Boutique.
 28195 | Orc:2    | Found Zoud's Distillery.
 28485 | Orc:2    | Found a staircase to the Elven Halls.
 28802 | Orc:2    | Found Kusucvat's Armour Shoppe.
 29030 | Snake:1  | Entered Level 1 of the Snake Pit
 29033 | Snake:1  | Found a glowing golden altar of the Shining One.
 29039 | Snake:1  | XOM: cast spell 'Summon Butterflies'
 29057 | Snake:1  | XOM: potion effect (might)
 29075 | Snake:1  | XOM: potion effect (might)
 29173 | Snake:1  | XOM: fake destruction
 29174 | Snake:1  | XOM: scenery: create altars
 29337 | Snake:1  | XOM: confuse monster(s)
 29361 | Snake:1  | XOM: snakes to sticks
 29400 | Snake:1  | XOM: 3-stop teleportation journey
 29437 | Snake:1  | XOM: harmless Erth miscast
 29502 | Snake:1  | XOM: divination: detect creatures
 29623 | Snake:1  | Noticed Kirke
 29627 | Snake:1  | XOM: destruction
 29632 | Snake:1  | XOM: divination: magic mapping
 29634 | Snake:1  | Killed Kirke
 29640 | Snake:1  | Noticed Frances
 29652 | Snake:1  | Killed Frances
 29652 | Snake:1  | Reached skill level 1 in Spellcasting
 30057 | Snake:2  | XOM: harmless Summ miscast
 30082 | Snake:2  | XOM: enchant monster (bad)
 30084 | Snake:2  | XOM: cast spell 'Shadow Creatures'
 30263 | Snake:2  | XOM: enchant monster (bad)
 30327 | Snake:2  | XOM: give mutations
 30327 | Snake:2  | Lost mutation: Your muscles are very strong. (Str +4) [Xom's mischief]
 30327 | Snake:2  | Lost mutation: Your muscles are strong. (Str +2) [Xom's mischief]
 30327 | Snake:2  | Lost mutation: Your mind is acute. (Int +2) [Xom's mischief]
 30327 | Snake:2  | Lost mutation: Your system is resistant to poisons. (rPois) [Xom's mischief]
 30386 | Snake:2  | XOM is BORED!
 30386 | Snake:2  | XOM: give mutation
 30386 | Snake:2  | Lost mutation: You are resistant to electric shocks. (rElec) [Xom's mischief]
 30664 | Snake:2  | XOM: blink monster(s)
 30666 | Snake:2  | XOM: swap monsters
 30698 | Snake:2  | Gained mutation: You possess an exceptional clarity of mind. [evolution]
 30811 | Snake:2  | XOM: summons friendly quasit
 31177 | Snake:3  | XOM: divine lightning
 31200 | Snake:3  | Gained mutation: You are mostly covered in slimy green scales. (AC +3) [demonic ancestry]
 31200 | Snake:3  | Reached XP level 17. HP: 103/138 MP: 8/21
 31295 | Snake:3  | XOM: harmless Hex miscast
 31300 | Snake:3  | XOM: potion effect (haste)
 31319 | Snake:3  | Noticed Vashnia
 31334 | Snake:3  | Found Risygyma's Distillery.
 31338 | Snake:3  | Bought a potion of heal wounds for 70 gold pieces
 31459 | Snake:3  | XOM: cast spell 'Statue Form'
 31476 | Snake:3  | XOM: enchant monster (good)
 31488 | Snake:3  | Killed Vashnia
 31647 | Snake:3  | XOM: summons friendly white imp
 31648 | Snake:3  | XOM: polymorph white imp -> iron imp
 31659 | Snake:3  | XOM: summons 3 friendly demons
 31673 | Snake:3  | Noticed Bai Suzhen
 31680 | Snake:3  | XOM: cast spell 'Necromutation'
 31933 | Snake:3  | Found a runed gate.
 31934 | Snake:3  | Found a runed gate.
 31935 | Snake:3  | Found a runed gate.
 31936 | Snake:3  | Noticed Nornya's ghost (adept GnWz)
 31953 | Snake:3  | XOM: 2-stop teleportation journey
 31955 | Snake:3  | Bought a potion of might for 56 gold pieces
 32006 | Snake:3  | Killed Nornya's ghost
 32065 | Snake:3  | XOM: blink monster(s)
 32085 | Snake:3  | XOM: cleaving
 32095 | Snake:3  | Got a wavering ivory ring
 32140 | Snake:3  | XOM: confuse monster(s)
 32159 | Snake:3  | XOM: potion effect (might)
 32165 | Snake:3  | XOM: scenery: create altars
 32177 | Snake:3  | Killed Bai Suzhen
 32307 | Snake:3  | XOM: confuse monster(s)
 32386 | Snake:3  | XOM: god gift: wand of enslavement (7)
 32521 | Snake:3  | XOM: polymorph naga sharpshooter -> guardian serpent
 32650 | Snake:3  | XOM: scenery: 1 doors close
 32711 | Snake:4  | Entered Level 4 of the Snake Pit
 32723 | Snake:4  | XOM: smoke on damage
 32726 | Snake:4  | XOM: cast spell 'Statue Form'
 32817 | Snake:4  | XOM: enchant monster (good)
 32856 | Snake:4  | Identified the ring of the Crushed Orbs {rC+ MP+9 Dex+2 SInv} (You took it off a nagaraja on level 3 of the Snake Pit)
 32891 | Snake:4  | XOM: scenery: create altars
 32920 | Snake:4  | XOM: give mutations
 32920 | Snake:4  | Gained mutation: Your flesh is very heat resistant. (rF++) [Xom's grace]
 32920 | Snake:4  | Lost mutation: You evolve. [Xom's grace]
 32920 | Snake:4  | Gained mutation: You are somewhat resistant to further mutation. [Xom's grace]
 32920 | Snake:4  | Gained mutation: You are completely covered in slimy green scales. (AC +4, rPois) [Xom's grace]
 32920 | Snake:4  | Gained mutation: Your mind is acute. (Int +2) [Xom's grace]
 32931 | Snake:4  | Noticed Aizul
 32952 | Snake:4  | Killed Aizul
 33006 | Snake:4  | XOM: polymorph shock serpent -> water nymph
 33075 | Snake:4  | XOM: scenery: create altars
 33082 | Snake:4  | Identified a scroll of acquirement
 33084 | Snake:4  | Got a shimmering demon blade
 33085 | Snake:4  | Identified the +6 demon blade of the Depths {elec, rN+ MR+ MP+9 Dex+3} (You acquired it on level 4 of the Snake Pit)
 33160 | Snake:4  | XOM: potion effect (brilliance)
 33166 | Snake:4  | XOM: polymorph nagaraja -> minotaur
 33198 | Snake:4  | Reached skill level 5 in Charms
 33269 | Snake:4  | XOM: 1-stop teleportation journey
 33297 | Snake:4  | XOM: confuse monster(s)
 33312 | Snake:4  | XOM: scenery: create altars
 33323 | Snake:4  | XOM: blink monster(s)
 33324 | Snake:4  | Reached skill level 5 in Necromancy
 33344 | Snake:4  | XOM: stat loss: -1 Int (20/21)
 33367 | Snake:4  | XOM: summons 1 hostile shadow creature
 33969 | Snake:4  | Reached skill level 5 in Spellcasting
 34050 | Snake:4  | Got a serpentine rune of Zot
 34124 | Snake:4  | XOM: swap monsters
 34126 | Snake:4  | XOM: chaos cloud
 34203 | Snake:4  | XOM: god gift: papyrus book {god gift}
 34351 | Snake:1  | XOM: god gift: 30 gold pieces
 34353 | Snake:1  | Reached XP level 18. HP: 145/147 MP: 25/25
 34394 | Lair:4   | XOM: god gift: 810 gold pieces
 34454 | Swamp:1  | Entered Level 1 of the Swamp
 34545 | Swamp:1  | XOM: confuse monster(s)
 34701 | Swamp:1  | XOM: 3-stop teleportation journey
 34745 | Swamp:1  | XOM: scenery: create altars
 34881 | Swamp:1  | XOM: give mutations
 34881 | Swamp:1  | Lost mutation: Your spells are a little harder to cast, but a little more powerful. [Xom's mischief]
 34881 | Swamp:1  | Lost mutation: Your flesh is very heat resistant. (rF++) [Xom's mischief]
 34881 | Swamp:1  | Lost mutation: You possess an exceptional clarity of mind. [Xom's mischief]
 34881 | Swamp:1  | Gained mutation: You sometimes yell uncontrollably at your foes. [Xom's mischief]
 35038 | Swamp:1  | XOM is BORED!
 35038 | Swamp:1  | XOM: give mutations
 35038 | Swamp:1  | Gained mutation: You are robust. (+10% HP) [Xom's mischief]
 35038 | Swamp:1  | Lost mutation: You are robust. (+10% HP) [Xom's mischief]
 35228 | Swamp:2  | XOM: confusion
 35239 | Swamp:2  | XOM: confuse monster(s)
 35293 | Swamp:2  | Reached skill level 6 in Necromancy
 35754 | D:6      | Bought a book of Necromancy for 360 gold pieces
 35759 | D:6      | Learned a level 4 spell: Animate Dead
 36049 | Swamp:2  | Identified the Collected Works on the Damaging Snowflakes
 36187 | Swamp:2  | XOM: give mutations
 36187 | Swamp:2  | Lost mutation: You are covered in fur. (AC +1) [Xom's mischief]
 36187 | Swamp:2  | Lost mutation: You sometimes yell uncontrollably at your foes. [Xom's mischief]
 36212 | Swamp:2  | XOM: harmless Erth miscast
 36416 | Swamp:2  | XOM is BORED!
 36416 | Swamp:2  | XOM: severe Necr miscast
 36576 | Swamp:2  | XOM: harmless Chrm miscast
 36622 | Swamp:2  | XOM: give mutations
 36622 | Swamp:2  | Gained mutation: You passively map a small area around you. [Xom's grace]
 36622 | Swamp:2  | Gained mutation: Your muscles are strong. (Str +2) [Xom's grace]
 36622 | Swamp:2  | Gained mutation: You have large cloven feet. [Xom's grace]
 37022 | Swamp:3  | XOM: blink monster(s)
 37150 | Swamp:3  | XOM: cast spell 'Disjunction'
 37151 | Swamp:4  | XOM: stealth player
 37151 | Swamp:4  | Entered Level 4 of the Swamp
 37176 | Swamp:4  | XOM: smoke on damage
 37191 | Swamp:4  | XOM: summons 9 friendly demons
 37366 | Swamp:3  | XOM: cloud trail
 37405 | Swamp:3  | XOM: give mutations
 37405 | Swamp:3  | Gained mutation: You have a pair of antennae on your head. [Xom's grace]
 37405 | Swamp:3  | Gained mutation: Your flesh is very cold resistant. (rC++) [Xom's grace]
 37405 | Swamp:3  | Gained mutation: You are highly resistant to hostile enchantments. (MR++) [Xom's grace]
 37405 | Swamp:3  | Gained mutation: Your spells are a little harder to cast, but a little more powerful. [Xom's grace]
 37431 | Swamp:3  | Reached skill level 7 in Necromancy
 37506 | Swamp:3  | XOM: cast spell 'Summon Small Mammal'
 37508 | Swamp:3  | XOM: potion effect (brilliance)
 37732 | Swamp:3  | XOM: harmless Tloc miscast
 37758 | Swamp:4  | XOM: god gift: helmet {god gift}
 37777 | Swamp:4  | XOM: confusion (+ monsters)
 37944 | Swamp:4  | XOM: cast spell 'Statue Form'
 37968 | Swamp:4  | XOM: 3-stop teleportation journey
 38367 | Swamp:4  | XOM: smoke on damage
 38369 | Swamp:4  | XOM: give mutation
 38369 | Swamp:4  | Gained mutation: You are somewhat resistant to both further mutation and mutation removal. [Xom's grace]
 38420 | Swamp:4  | Reached skill level 8 in Necromancy
 38490 | Swamp:4  | XOM: polymorph eight-headed hydra -> spark wasp
 38490 | Swamp:4  | Reached skill level 15 in Fighting
 38510 | Swamp:4  | Got a decaying rune of Zot
 38527 | Swamp:4  | Learned a level 3 spell: Vampiric Draining
 38828 | Vaults:1 | Entered Level 1 of the Vaults
 38914 | Vaults:1 | XOM: summons friendly white imp
 38932 | Vaults:1 | Reached skill level 9 in Necromancy
 38970 | Vaults:1 | XOM: cloud trail
 39109 | Vaults:1 | XOM: enchant monster (good)
 39114 | Vaults:1 | XOM: summons 2 friendly demons
 39232 | Vaults:1 | XOM: cleaving
 39474 | Snake:2  | XOM: divination: detect creatures
 39483 | Snake:2  | XOM: harmless Hex miscast
 39844 | D:12     | XOM: silly message
 39892 | D:14     | Bought the Volume of Evil Rituals for 1476 gold pieces
 39900 | D:14     | Learned a level 6 spell: Death Channel
 39964 | Vaults:1 | XOM: potion effect (brilliance)
 39978 | Vaults:1 | XOM: potion effect (curing)
 39985 | Vaults:1 | Reached skill level 10 in Necromancy
 39986 | Vaults:1 | XOM: potion effect (might)
 40018 | Vaults:1 | XOM: divination: detect items
 40029 | Vaults:1 | Reached XP level 19. HP: 155/155 MP: 28/28
 40109 | Vaults:1 | XOM: give mutations
 40109 | Vaults:1 | Lost mutation: Your spells are a little harder to cast, but a little more powerful. [Xom's mischief]
 40109 | Vaults:1 | Lost mutation: Your muscles are strong. (Str +2) [Xom's mischief]
 40109 | Vaults:1 | Lost mutation: You can translocate small distances at will. [Xom's mischief]
 40299 | Vaults:1 | XOM: scenery: create altars
 40300 | Vaults:1 | XOM: mild Fire miscast
 40586 | Vaults:1 | Reached skill level 11 in Necromancy
 40877 | Vaults:1 | XOM: mild Tloc miscast
 40989 | Vaults:1 | XOM: polymorph two-headed ogre -> anaconda
 41110 | Vaults:1 | XOM: severe Erth miscast
 41392 | Vaults:1 | XOM: stat loss: -1 Dex (28/29)
 41437 | Vaults:2 | XOM: polymorph slime creature -> satyr
 41473 | Vaults:2 | XOM: blink monster(s)
 41680 | Vaults:2 | Noticed Frederick
 41691 | Vaults:2 | Killed Frederick
 41691 | Vaults:2 | Reached skill level 12 in Necromancy
 41722 | Vaults:2 | Found a runed gate.
 41722 | Vaults:2 | Found a runed gate.
 41723 | Vaults:2 | Found a runed gate.
 41755 | Vaults:2 | Noticed Bidatih's ghost (adept MiBe)
 42022 | Vaults:2 | Found Yshoj's Antique Armour Boutique.
 42048 | Vaults:2 | XOM: summons 4 friendly demons
 42052 | Vaults:2 | XOM: swap monsters
 42325 | Vaults:2 | XOM: harmless Conj miscast
 42532 | Vaults:2 | XOM: divination: magic mapping
 42544 | Vaults:2 | Found Taucad's Distillery.
 42549 | Vaults:2 | Bought a potion of mutation for 168 gold pieces
 42549 | Vaults:2 | Bought a potion of heal wounds for 105 gold pieces
 42627 | Vaults:2 | XOM: harmless Fire miscast
 42806 | Vaults:2 | XOM: harmless Summ miscast
 42896 | Vaults:2 | XOM: confuse monster(s)
 42899 | Vaults:2 | XOM: noise
 42908 | Vaults:2 | XOM: blink monster(s)
 42909 | Vaults:2 | Reached skill level 10 in Shields
 42929 | Vaults:2 | XOM: confuse monster(s)
 42966 | Vaults:2 | XOM: mild Hex miscast
 42970 | Vaults:2 | Killed Bidatih's ghost
 43018 | Vaults:2 | Got a crude great sword {antimagic}
 43019 | Vaults:2 | Identified the +7 great sword of the Volcano {antimagic, rPois Dex+3 Stlth+} (You took it off an ironheart preserver on level 2 of the Vaults)
 43143 | Vaults:3 | XOM: noise
 43144 | Vaults:3 | Reached skill level 13 in Necromancy
 43159 | Vaults:3 | XOM: smoke on damage
 43160 | Vaults:3 | XOM: cast spell 'Dispersal'
 43173 | Vaults:3 | XOM: potion effect (brilliance)
 43199 | Vaults:3 | XOM: divination: magic mapping
 43208 | Vaults:3 | XOM: cast spell 'Summon Mana Viper'
 43247 | Vaults:3 | XOM: divination: magic mapping
 43274 | Vaults:3 | XOM: noise
 43308 | Vaults:3 | XOM: harmless Conj miscast
 43313 | Vaults:3 | XOM: enchant monster (good)
 43417 | Vaults:3 | Noticed Nikola
 43448 | Vaults:3 | XOM: medium Chrm miscast
 43449 | Vaults:3 | Killed Nikola
 43486 | Vaults:3 | Got a pair of encrusted gloves
 43487 | Vaults:3 | Identified the +3 pair of gloves of Jitysid {SInv} (You took it off Nikola on level 3 of the Vaults)
 43542 | Vaults:3 | XOM: enchant monster (bad)
 43566 | Vaults:3 | XOM: noise
 43602 | Vaults:3 | Found a staircase to the Crypt.
 43742 | Vaults:3 | XOM: divination: detect creatures
 43754 | Vaults:3 | XOM: cloud trail
 43981 | Vaults:3 | Found Kokemiev's Book Boutique.
 44025 | Vaults:3 | XOM: harmless Pois miscast
 44029 | Vaults:3 | XOM: cast spell 'Cause Fear'
 44043 | Vaults:3 | Reached skill level 14 in Necromancy
 44515 | Vaults:3 | XOM: harmless Conj miscast
 44589 | Vaults:4 | Upgraded the game from 0.22-a0-558-gc224181 to 0.22-a0-565-gfc6459a
 44607 | Vaults:4 | XOM: potion effect (haste)
 44674 | Vaults:4 | XOM: harmless Summ miscast
 44974 | Vaults:4 | Gained mutation: When low on magic, you restore magic in place of health. [demonic ancestry]
 44974 | Vaults:4 | Reached XP level 20. HP: 157/162 MP: 29/29
 45044 | Vaults:4 | XOM: cloud trail
 45163 | Vaults:4 | XOM: silly message
 45254 | Vaults:4 | Reached skill level 15 in Necromancy
 45848 | Vaults:4 | XOM: divination: magic mapping
 46030 | Vaults:5 | Entered Level 5 of the Vaults
 46036 | Vaults:5 | XOM: cast spell 'Leda's Liquefaction'
 46039 | Vaults:5 | XOM: cast spell 'Olgreb's Toxic Radiance'
 46061 | Vaults:5 | XOM: enchant monster (good)
 46065 | Vaults:5 | Noticed a golden dragon
 46076 | Vaults:4 | XOM: noise
 46085 | Vaults:4 | Reached skill level 16 in Necromancy
 46149 | Vaults:5 | XOM: mild Tmut miscast
 46162 | Vaults:5 | XOM: enchant monster (good)
 46168 | Vaults:4 | XOM: polymorph vault guard -> something unseen
 46212 | Vaults:4 | XOM: divination: detect creatures
 46290 | Vaults:4 | Killed a golden dragon
 46490 | Vaults:4 | XOM: god gift: polished triple crossbow {god gift}
 46493 | Vaults:4 | Got a polished triple crossbow {god gift}
 46494 | Vaults:4 | Identified the +6 triple crossbow of the Spheres {chaos, Int+2} (Xom gifted it to you on level 4 of the Vaults)
 46549 | Vaults:5 | XOM: potion effect (invisibility)
 46640 | Vaults:5 | Noticed a golden dragon
 46642 | Vaults:5 | XOM: summons 4 hostile shadow creatures
 46642 | Vaults:5 | Noticed a golden dragon
 46672 | Vaults:5 | XOM: chaos cloud
 46678 | Vaults:5 | XOM: 1-stop teleportation journey
 46699 | Vaults:5 | XOM: harmless Erth miscast
 46746 | Vaults:5 | XOM: potion effect (invisibility)
 46813 | Vaults:5 | XOM: silly message
 46815 | Vaults:5 | XOM: harmless Air miscast
 46819 | Vaults:5 | Killed a golden dragon
 46819 | Vaults:5 | Reached skill level 17 in Necromancy
 46838 | Vaults:5 | XOM: divination: detect creatures
 46838 | Vaults:5 | Noticed a golden dragon
 47044 | Vaults:4 | HP: 6/162 [tentacled monstrosity (3)]
 47058 | Vaults:4 | XOM: give mutations
 47058 | Vaults:4 | Lost mutation: You are somewhat resistant to both further mutation and mutation removal. [Xom's mischief]
 47058 | Vaults:4 | Lost mutation: You occasionally shout uncontrollably at your foes. [Xom's mischief]
 47058 | Vaults:4 | Lost mutation: You have large cloven feet. [Xom's mischief]
 47058 | Vaults:4 | Lost mutation: You are highly resistant to hostile enchantments. (MR++) [Xom's mischief]
 47294 | Vaults:4 | XOM: harmless Hex miscast
 47343 | Vaults:4 | XOM: cast spell 'Death Channel'
 47411 | Vaults:4 | XOM: cloud trail
 47485 | Vaults:5 | XOM: god gift: 410 gold pieces
 47516 | Vaults:5 | XOM: 8-stop teleportation journey
 47534 | Vaults:5 | Noticed Xtahua
 47569 | Vaults:5 | XOM: severe Necr miscast
 47572 | Vaults:5 | XOM: swap monsters
 47579 | Vaults:5 | Reached XP level 21. HP: 112/168 MP: 30/30
 47634 | Vaults:5 | XOM: polymorph storm dragon -> quicksilver dragon
 47652 | Vaults:5 | XOM: enchant monster (bad)
 47661 | Vaults:5 | XOM: polymorph queen ant -> entropy weaver
 47664 | Vaults:5 | XOM: polymorph stone giant -> fire giant
 47667 | Vaults:5 | XOM: swap monsters
 47667 | Vaults:5 | Noticed a golden dragon
 47667 | Vaults:5 | an emperor scorpion changed into a golden dragon
 47744 | Vaults:5 | Identified Itadekh's Volume of Dusty Air
 47793 | Vaults:5 | XOM: harmless Pois miscast
 47818 | Vaults:5 | XOM: mild Ice miscast
 47859 | Vaults:5 | Reached skill level 18 in Necromancy
 47899 | Vaults:5 | XOM: mild Fire miscast
 47958 | Vaults:5 | XOM: stat loss: -1 Str (15/17)
 47967 | Vaults:5 | XOM: noise
 48002 | Vaults:5 | XOM: chaos upgrade
 48014 | Vaults:5 | XOM: smoke on damage
 48080 | Vaults:5 | XOM: summons 1 hostile shadow creature
 48082 | Vaults:5 | XOM: medium Tloc miscast
 48150 | Vaults:5 | a golden dragon changed into a quicksilver dragon
 48150 | Vaults:5 | XOM: polymorph golden dragon -> quicksilver dragon
 48191 | Vaults:4 | XOM: scenery: create altars
 48222 | Vaults:5 | XOM: mild Necr miscast
 48226 | Vaults:5 | Killed Xtahua
 48249 | Vaults:5 | Identified the Volume of Assistive Attacks
 48267 | Vaults:5 | XOM: summons 10 hostile demons
 48414 | Vaults:5 | XOM: enchant monster (bad)
 48567 | Vaults:5 | XOM: smoke on damage
 48598 | Vaults:5 | Reached skill level 19 in Necromancy
 48662 | Vaults:4 | XOM: severe Pois miscast
 48758 | Vaults:5 | XOM: confusion
 48771 | Vaults:4 | XOM: potion effect (invisibility)
 48787 | Vaults:4 | Killed a golden dragon
 48863 | Vaults:5 | XOM: medium Conj miscast
 48995 | Vaults:5 | XOM: 4-stop teleportation journey
 49042 | Vaults:5 | Got a brightly glowing lead ring
 49165 | Vaults:5 | Identified the Incunabulum of Moulding
 49195 | Vaults:5 | XOM: summons 8 hostile demons
 49246 | Vaults:5 | XOM: 2-stop teleportation journey
 49249 | Vaults:5 | Got a scintillating steel ring
 49250 | Vaults:5 | Identified the ring "Omeawk" {Fire MR+} (You found it on level 5 of the Vaults)
 49251 | Vaults:5 | Identified the ring "Tohah" {Dex+5 Stlth+} (You took it off a vault warden on level 5 of the Vaults)
 49271 | Vaults:5 | Got a warped scimitar
 49272 | Vaults:5 | Identified the +3 scimitar "Baqoehez" {freeze, rElec Int+3 Dex+2} (You found it on level 5 of the Vaults)
 49384 | Vaults:5 | Got a silver rune of Zot
 49388 | Vaults:5 | XOM: harmless Air miscast
 49390 | Vaults:5 | Got a black opal-encrusted chain mail
 49391 | Vaults:5 | Identified the +6 chain mail "Itamug" {rF+} (You found it on level 5 of the Vaults)
 49827 | Elf:1    | Entered Level 1 of the Elven Halls
 49959 | Elf:1    | Found Mafi's Food Shoppe.
 49991 | Elf:1    | Found Cuohepha's Distillery.
 50001 | Elf:1    | Bought a potion of heal wounds for 70 gold pieces
 50001 | Elf:1    | Bought a potion of haste for 140 gold pieces
 50001 | Elf:1    | Bought a potion of agility for 56 gold pieces
 50058 | Elf:1    | XOM: confusion
 50218 | Elf:1    | Found Weqegitz's Weapon Boutique.
 50571 | Elf:1    | XOM: cleaving
 50601 | Elf:1    | XOM: noise
 50954 | Elf:2    | Found a huge runed gate.
 50954 | Elf:2    | Found a huge runed gate.
 50954 | Elf:2    | Found a huge runed gate.
 50954 | Elf:2    | Found a huge runed gate.
 50954 | Elf:2    | Found a huge runed gate.
 51357 | Elf:2    | XOM: scenery: create altars
 51358 | Elf:2    | XOM: destruction
 51409 | Elf:2    | XOM: confuse monster(s)
 51414 | Elf:2    | XOM: summons friendly iron imp
 51417 | Elf:2    | XOM: god gift: 44 gold pieces
 51700 | Elf:2    | XOM: scenery: create altars
 51745 | Elf:2    | Gained mutation: You have claws for hands. [demonic ancestry]
 51745 | Elf:2    | Reached XP level 22. HP: 174/175 MP: 33/33
 51748 | Elf:2    | XOM: fog
 51757 | Elf:2    | Cast into level 3 of the Abyss (hand axe of distortion)
 51757 | Elf:2    | Escaped the Abyss
 51757 | Elf:2    | XOM: revert banishment
 51896 | Elf:3    | Entered Level 3 of the Elven Halls
 52075 | Elf:3    | XOM: scenery: 1 doors open, 1 doors close
 52199 | Elf:3    | Found Ibuquaru's Antique Weapon Shoppe.
 52268 | Elf:3    | Bought a bloodstained rapier for 279 gold pieces
 52268 | Elf:3    | Identified the +6 rapier of Kismet {venom, -Tele +Inv +Fly Stlth+} (You bought it in a shop on level 3 of the Elven Halls)
 52328 | Elf:3    | XOM: scenery: 1 doors close
 52333 | Elf:3    | XOM: divination: detect creatures
 52685 | Elf:3    | Found a roughly hewn altar of Beogh.
 52685 | Elf:3    | XOM: scenery: 1 doors open
 52733 | Elf:3    | XOM: cleaving
 52947 | Elf:3    | XOM: 3-stop teleportation journey
 53268 | Elf:3    | XOM: divine lightning
 53276 | Elf:3    | XOM: scenery: create altars
 53302 | Elf:3    | XOM: scenery: create altars
 53306 | Elf:3    | XOM: summons friendly shadow imp
 53366 | Elf:3    | XOM: cleaving
 53422 | Elf:3    | XOM: enchant monster (good)
 53450 | Elf:3    | XOM: confuse monster(s)
 53493 | Elf:3    | XOM: cast spell 'Summon Mana Viper'
 53547 | Elf:3    | XOM: potion effect (haste)
 53596 | Elf:3    | XOM: noise
 53618 | Elf:3    | Got a brightly glowing platinum ring
 53670 | Elf:3    | XOM: enchant monster (good)
 53676 | Elf:3    | XOM: polymorph large abomination -> revenant
 53687 | Elf:3    | XOM: chaos upgrade
 53780 | Elf:3    | XOM: medium Pois miscast
 53842 | Elf:3    | XOM: divine lightning
 53849 | Elf:3    | XOM: mild Necr miscast
 54110 | Elf:3    | Identified the ring "Jyrui" {Ice rElec Str+8 Int-3} (You took it off a deep elf demonologist on level 3 of the Elven Halls)
 54176 | Elf:3    | Identified the Disquisition on Transformation
 54188 | Elf:3    | Identified Ubbunant's Tome of the Escort
 54199 | Elf:3    | XOM: god gift: 22 gold pieces
 54253 | Elf:3    | Got a polished scimitar {speed}
 54254 | Elf:3    | Identified the +8 scimitar of Kismet {speed, rElec rF- MR++ Stlth+} (You took it off a deep elf knight on level 3 of the Elven Halls)
 54266 | Elf:3    | Got a citrine-encrusted leather armour
 54267 | Elf:3    | Identified the +0 leather armour "Erhulah" {*Slow Int+5 Dex+4} (You took it off a deep elf knight on level 3 of the Elven Halls)
 54641 | D:15     | XOM: give mutations
 54641 | D:15     | Gained mutation: You expend magic power (3 MP) to strengthen your wands. [Xom's grace]
 54641 | D:15     | Gained mutation: You are agile. (Dex +2) [Xom's grace]
 54641 | D:15     | Gained mutation: You possess an exceptional clarity of mind. [Xom's grace]
 54661 | Depths:1 | Entered Level 1 of the Depths
 54679 | Depths:1 | Found a sparkling altar of Nemelex Xobeh.
 54712 | Depths:1 | XOM: harmless Erth miscast
 54758 | Depths:1 | XOM: cast spell 'Leda's Liquefaction'
 54759 | Depths:1 | XOM: potion effect (curing)
 55269 | Depths:1 | XOM: mild Necr miscast
 55451 | Depths:1 | XOM: cast spell 'Alistair's Intoxication'
 55460 | Depths:1 | XOM: medium Conj miscast
 55507 | Depths:1 | Found a gateway to Hell.
 55644 | Depths:1 | XOM: medium Fire miscast
 55737 | Depths:1 | XOM: medium Air miscast
 55898 | Depths:2 | XOM: polymorph spriggan berserker -> six-headed hydra
 55903 | Depths:2 | XOM: blink monster(s)
 56108 | Vaults:2 | XOM: summons 7 hostile demons
 56154 | Vaults:3 | Bought a Necronomicon for 2097 gold pieces
 56163 | Vaults:3 | Learned a level 8 spell: Necromutation
 56172 | Vaults:3 | Learned a level 8 spell: Borgnjor's Revivification
 56476 | Depths:2 | XOM: mild Erth miscast
 56477 | Depths:2 | XOM: swap monsters
 56489 | Depths:2 | Noticed Jorgrun
 56498 | Depths:2 | XOM: summons 10 friendly demons
 56500 | Depths:2 | Found Gozag's Antique Weapon Shoppe.
 56505 | Depths:2 | Found Gozag's Assorted Antiques.
 56525 | Depths:2 | XOM: chaos upgrade
 56545 | Depths:2 | XOM: divination: detect items
 56675 | Depths:2 | Killed Jorgrun
 56683 | Depths:2 | XOM: fake destruction
 56702 | Depths:2 | Paralysed by a floating eye for 2 turns
 56712 | Depths:2 | XOM: polymorph stone giant -> quicksilver dragon
 56714 | Depths:2 | XOM: cleaving
 56721 | Depths:2 | XOM: scenery: 1 doors close
 57000 | Depths:2 | XOM: summons friendly iron imp
 57147 | Depths:1 | XOM: god gift: 19 stones
 57156 | Depths:1 | XOM: harmless Tmut miscast
 57485 | Depths:2 | XOM: divination: detect items
 57501 | Depths:2 | XOM: enchant monster (good)
 57558 | Depths:2 | Mutation became permanent: Your flesh is heat resistant. (rF+) [demonic ancestry]
 57558 | Depths:2 | Gained mutation: Your flesh is heat resistant. (rF+) [demonic ancestry]
 57558 | Depths:2 | Reached XP level 23. HP: 78/184 MP: 36/36
 57623 | Depths:2 | Found Gozag's Antique Armour Shoppe.
 57653 | Depths:2 | Found an opulent altar of Gozag.
 57793 | Depths:2 | XOM: cleaving
 57838 | Depths:2 | XOM: noise
 58103 | Depths:2 | XOM: potion effect (agility)
 58243 | Depths:2 | XOM: give mutations
 58243 | Depths:2 | Gained mutation: You have sharp toenails. [Xom's grace]
 58243 | Depths:2 | Gained mutation: You have razor-sharp toenails. [Xom's grace]
 58243 | Depths:2 | Lost mutation: You are somewhat resistant to further mutation. [Xom's grace]
 58243 | Depths:2 | Gained mutation: You evolve. [Xom's grace]
 58243 | Depths:2 | Gained mutation: Your mind is very acute. (Int +4) [Xom's grace]
 58382 | Depths:2 | Found a one-way gate to the infinite horrors of the Abyss.
 58417 | Depths:2 | Found Vuqudenn's Armour Shop.
 58702 | Depths:2 | XOM: god gift: 510 gold pieces
 59068 | Depths:3 | Found Ceedaduu's Assorted Antiques.
 59081 | Depths:3 | XOM: scenery: create altars
 59100 | Depths:3 | Bought 2 scrolls labeled YFEHOD VEMOYTU for 52 gold pieces
 59184 | Depths:3 | XOM: god gift: plate armour {god gift}
 59224 | Depths:3 | Noticed Margery
 59234 | Depths:3 | XOM: fog
 59248 | Depths:3 | Killed Margery
 59248 | Depths:3 | Reached skill level 15 in Shields
 59337 | Depths:3 | Noticed a greater mummy
 59387 | Depths:3 | Gained mutation: You can translocate small distances at will. [evolution]
 59439 | Depths:2 | XOM: scenery: 1 doors close
 59746 | Depths:2 | XOM: scenery: 1 doors open
 59838 | Depths:2 | XOM: fog
 59839 | Depths:2 | Killed a greater mummy
 60168 | Depths:3 | XOM: destruction
 60192 | Depths:3 | Reached skill level 10 in Spellcasting
 60386 | Depths:3 | Found a shimmering altar of Xom.
 60392 | Depths:3 | XOM: scenery: create altars
 60402 | Depths:3 | XOM: scenery: create altars
 60565 | Depths:3 | XOM: scenery: 1 doors close
 60731 | Depths:3 | Noticed a greater mummy
 60741 | Depths:3 | XOM: confuse monster(s)
 60746 | Depths:3 | Killed a greater mummy
 60751 | Depths:3 | Noticed a greater mummy
 60752 | Depths:3 | Found the +7 sceptre of Torment
 60761 | Depths:3 | XOM: cast spell 'Alistair's Intoxication'
 60762 | Depths:3 | XOM: summons friendly shadow imp
 60768 | Depths:3 | XOM: summons 2 friendly demons
 60775 | Depths:3 | XOM: silly message
 60777 | Depths:3 | Killed a greater mummy
 60980 | Depths:3 | XOM: divination: detect creatures
 61153 | Depths:3 | XOM: confuse monster(s)
 61157 | Depths:3 | XOM: potion effect (might)
 61167 | Depths:3 | Reached skill level 1 in Transmutations
 61337 | Depths:4 | Found a gateway to a ziggurat.
 61358 | Depths:4 | Noticed Louise
 61380 | Depths:4 | Killed Louise
 61523 | Depths:4 | Found a sacrificial altar of Ru.
 61525 | Depths:4 | XOM: cast spell 'Summon Butterflies'
 61529 | Depths:4 | XOM: potion effect (berserk rage)
 61750 | Depths:4 | XOM: potion effect (agility)
 61768 | Depths:4 | XOM: summons friendly quasit
 61822 | Depths:4 | Reached skill level 5 in Transmutations
 62032 | Depths:4 | XOM: cleaving
 62040 | Depths:4 | XOM: destruction
 62056 | Depths:4 | Noticed a juggernaut
 62058 | Depths:4 | XOM: god gift: ration
 62062 | Depths:4 | XOM: noise
 62066 | Depths:4 | Killed a juggernaut
 62109 | Depths:4 | XOM: give mutations
 62109 | Depths:4 | Lost mutation: You have a pair of antennae on your head. [Xom's mischief]
 62109 | Depths:4 | Lost mutation: You have razor-sharp toenails. [Xom's mischief]
 62109 | Depths:4 | Lost mutation: Your flesh is very cold resistant. (rC++) [Xom's mischief]
 62522 | Depths:4 | XOM: harmless Tloc miscast
 62699 | Depths:4 | XOM: stat loss: -1 Int (19/20)
 63100 | D:15     | XOM: give mutations
 63100 | D:15     | Lost mutation: You are completely covered in slimy green scales. (AC +4, rPois) [Xom's mischief]
 63100 | D:15     | Lost mutation: You are agile. (Dex +2) [Xom's mischief]
 63196 | Depths:5 | Entered Level 5 of the Depths
 63216 | Depths:5 | XOM: give mutations
 63216 | Depths:5 | Lost mutation: You evolve. [Xom's mischief]
 63216 | Depths:5 | Lost mutation: You possess an exceptional clarity of mind. [Xom's mischief]
 63216 | Depths:5 | Gained mutation: You are clumsy. (Dex -2) [Xom's mischief]
 63255 | Depths:5 | Found Edusmiatz's Distillery.
 63259 | Depths:5 | Bought a potion of haste for 170 gold pieces
 63259 | Depths:5 | Bought 2 potions of mutation for 272 gold pieces
 63259 | Depths:5 | Bought a potion of heal wounds for 85 gold pieces
 63259 | Depths:5 | Bought a potion of mutation for 136 gold pieces
 63259 | Depths:5 | Bought a potion of curing for 51 gold pieces
 63259 | Depths:5 | Bought 2 potions of curing for 102 gold pieces
 63259 | Depths:5 | Bought a potion of magic for 136 gold pieces
 63289 | Depths:5 | XOM: summons 3 hostile shadow creatures
 63876 | Depths:5 | Found a gate to the Realm of Zot.
 63897 | Depths:5 | XOM: divine lightning
 63997 | Depths:5 | XOM: noise
 64218 | Depths:5 | XOM: confuse monster(s)
 64220 | Depths:5 | XOM: divine lightning
 64263 | Depths:5 | Gained mutation: You are immune to clouds of flame. [demonic ancestry]
 64263 | Depths:5 | Reached XP level 24. HP: 169/193 MP: 37/37
 64274 | Depths:5 | Noticed an ancient lich
 64275 | Depths:5 | XOM: divine lightning
 64356 | Depths:5 | XOM: enchant monster (good)
 64416 | Depths:5 | XOM: scenery: 1 doors close
 64417 | Depths:5 | XOM: god gift: fine demon blade {god gift}
 64431 | Depths:5 | Killed an ancient lich
 64443 | Depths:5 | Got a fine demon blade {god gift}
 64444 | Depths:5 | Identified the +4 demon blade "Ossol" {drain, +Rage Str+2 Int+4} (Xom gifted it to you on level 5 of the Depths)
 64572 | Depths:5 | XOM: silly message
 64710 | Depths:5 | Identified the Almanac of Stolen Souls
 64793 | Depths:5 | XOM: divination: detect creatures
 64923 | D:15     | Reached skill level 15 in Armour
 65023 | Vaults:3 | XOM: give mutation
 65023 | Vaults:3 | Gained mutation: Your skin changes colour to match your surroundings (Stealth+). [Xom's grace]
 65030 | Crypt:1  | Entered Level 1 of the Crypt
 65136 | Crypt:1  | XOM: enchant monster (good)
 65139 | Crypt:1  | XOM: confuse monster(s)
 65289 | Crypt:1  | XOM: noise
 65303 | Crypt:1  | XOM: enchant monster (good)
 65374 | Vaults:3 | Bought a book of Death for 1330 gold pieces
 65380 | Vaults:3 | Learned a level 5 spell: Dispel Undead
 65453 | Crypt:1  | Got a smoking jade ring
 65454 | Crypt:1  | Identified the ring "Jocuof Ceco" {Fire rPois MR+ Int+6 Slay-4} (You found it on level 1 of the Crypt)
 65595 | Crypt:1  | Noticed Mennas
 65611 | Crypt:1  | XOM: mild Summ miscast
 65806 | Crypt:2  | XOM: harmless Tloc miscast
 65815 | Crypt:2  | Noticed Saint Roka
 65834 | Crypt:2  | Killed Saint Roka
 65921 | Crypt:2  | XOM: mild Pois miscast
 66051 | Crypt:2  | Reached skill level 10 in Transmutations
 66111 | Crypt:2  | XOM: fog
 66129 | Crypt:2  | XOM: cast spell 'Alistair's Intoxication'
 66338 | Crypt:2  | XOM: summons 2 friendly demons
 66539 | Crypt:2  | XOM: confuse monster(s)
 66560 | Crypt:2  | XOM: give mutations
 66560 | Crypt:2  | Gained mutation: You are highly resistant to hostile enchantments. (MR++) [Xom's grace]
 66560 | Crypt:2  | Gained mutation: You are covered in fur. (AC +1) [Xom's grace]
 66747 | Crypt:2  | XOM: god gift: scroll of enchant armour
 67045 | Crypt:3  | Entered Level 3 of the Crypt
 67238 | Crypt:3  | XOM: summons friendly white imp
 67243 | Crypt:3  | XOM: cast spell 'Summon Ice Beast'
 67633 | Crypt:3  | XOM: summons friendly shadow imp
 67659 | Crypt:3  | XOM: give mutations
 67659 | Crypt:3  | Gained mutation: Your muscles are strong. (Str +2) [Xom's grace]
 67659 | Crypt:3  | Gained mutation: You are somewhat resistant to further mutation. [Xom's grace]
 67659 | Crypt:3  | Gained mutation: Your muscles are very strong. (Str +4) [Xom's grace]
 67659 | Crypt:3  | Gained mutation: You have razor-sharp toenails. [Xom's grace]
 67820 | Crypt:3  | Found a staircase to the Tomb.
 68479 | Crypt:3  | XOM: summons 13 friendly demons
 68558 | Crypt:3  | XOM: give mutations
 68558 | Crypt:3  | Lost mutation: You are clumsy. (Dex -2) [Xom's grace]
 68558 | Crypt:3  | Gained mutation: You are agile. (Dex +2) [Xom's grace]
 68596 | Crypt:3  | Found the +5 robe of Night {Dark MR+ SInv}
 68617 | Crypt:3  | Found the +8 demon blade "Leech" {vamp, rN+ AC-3 EV-3}
 68629 | Crypt:3  | woops
 68766 | Crypt:3  | Got a bound ivory ring
 68767 | Crypt:3  | Identified the ring of the Madman {*Slow rPois rN+ Int+5 SInv} (You found it on level 3 of the Crypt)
 68834 | Crypt:3  | XOM: summons 8 hostile demons
 69362 | Zot:1    | XOM: stealth player
 69362 | Zot:1    | Entered Level 1 of the Realm of Zot
 69380 | Zot:1    | XOM: harmless Air miscast
 69389 | Zot:1    | lol
 69391 | Zot:1    | HP: 13/289 [shadow dragon (6)]
 69391 | Zot:1    | HP: 6/289 [tentacled monstrosity (7)]
 69393 | Zot:1    | Demolished by an electric golem

Vault maps used:
D:1:      minmay_arrival_semitransparent
D:2:      lemuel_crystal_altar, zin_scriptorium,
          chequers_ecumenical_altar_island, feat_on_display
D:3:      first_ration, roderic_serpentine_path, tso_altar,
          uniq_crazy_yiuf_cottage
D:4:      overflow_temple_1_default, ebering_ghost_rock_garden,
          minmay_fire_ice_demons, uniq_natasha
D:5:      serial_shops, nicolae_shop_crystal, shop_fountains,
          nicolae_shop_crystal, shop, shop, minmay_misc_feat_rugged
D:6:      minmay_temple_entry_purple_smoke, serial_shops, shop_fountains,
          kennysheep_generic_room_6
D:7:      grunt_temple_overflow_open, kennysheep_doodads, uniq_joseph
D:8:      minmay_the_grid_octo_2x2, serial_shops, shop, basic_altar,
          enter_bailey_2
D:10:     orc_0_dummy, serial_shops, shop, uniq_psyche
D:11:     dpeg_lair_monsters, portal_ice_cave_demonic_guard, uniq_grum
D:12:     ebering_ghost_reflecting_pool, hangedman_ranch, uniq_erolcha,
          uniq_rupert
D:14:     david_vaults_3, yredelemnul_altar_generic, solitary_fountain,
          guppyfry_shop_blood, uniq_azrael
D:15:     grunt_enter_depths_hoard, serial_bayou_pond_e, uniq_josephine
Temple:   regret_index_temple_generic_petals
Lair:1:   minmay_holes, beast_lair_carwin_10
Lair:2:   lemuel_fruit_fields, grunt_megastairs_4
Lair:3:   nicolae_swamp_entry_splash_gauntlet, gammafunk_ghost_ooze,
          uniq_nergalle
Lair:4:   dummy_snake_entry, minivault_27, lemuel_fruit_fields, uniq_sonja
Lair:5:   minmay_slime_entry_oklob_open, gammafunk_ghost_hydra_chop,
          kb_xom_exploding_sheep, uniq_nessos
Lair:6:   minmay_lair_end_enchanted_forest, basic_altar
Swamp:1:  evilmike_swamp_ruin_rubble_2, swamp_pool2
Swamp:2:  nicolae_swamp_feature_on_the_river_bank, swamp_pool2
Swamp:3:  nicolae_swamp_treefoil
Swamp:4:  swamp_basic_johnstein
Snake:1:  basic_altar, serial_bayou_pond_b, uniq_kirke, uniq_frances
Snake:2:  corexii_hall_statues_deadend
Snake:3:  gammafunk_ghost_necromancy, serial_shops, nicolae_shop_trees,
          spider_trap, grunt_megastairs_2, uniq_vashnia, uniq_bai_suzhen
Snake:4:  minmay_snake_end_coiled, grunt_ministairs_5, spider_trap,
          minmay_snake_pond, lemuel_fruit_tree, uniq_aizul
Orc:1:    basic_altar
Orc:2:    pf_orc_diabolical, serial_shops, nicolae_shop_stone
Elf:1:    elf_arrival_002, serial_shops, shop, hangedman_corner_corridor,
          minmay_shoptagon
Elf:3:    grunt_elf_hall_asides, serial_shops, nicolae_shop_statue_plus,
          special_room
Vaults:1: nicolae_vaults_big_angled_halls, nicolae_vaults_border_crossing,
          vaults_mumra_hex, nicolae_vaults_ring_of_whatevers,
          vaults_room_stairs_pillars, vaults_room_fours,
          nicolae_vaults_diagonal_hallway_8, v_misc_30,
          nicolae_vaults_diagonal_hallway_7, nicolae_vaults_what_the_h,
          hangedman_vaults_slice, nicolae_vaults_gold_heap
Vaults:2: gammafunk_vaults_ghost_split, nicolae_vaults_little_squares_1,
          vaults_room_semicircle, serial_ice_h, nicolae_vaults_little_squares_4,
          serial_shops, nicolae_shop_competitors_out_of_business, shop,
          uniq_frederick
Vaults:3: minmay_crypt_entry_simple_sparse, hangedman_vaults_corner,
          hangedman_vaults_impose, special_room_vaults,
          nicolae_vaults_yaktaur_gun_rack, nicolae_vaults_little_squares_3,
          vaults_room_pools, nicolae_vaults_alarming, hangedman_vaults_hat,
          ontoclasm_vaults_idyll, vaults_room_pool, ontoclasm_vaults_hangar,
          vaults_standard_mumra_x, serial_shops, shop, uniq_nikola
Vaults:4: ontoclasm_vaults_gateway, nicolae_vaults_back_hallway,
          nicolae_vaults_twisting_passages, nicolae_vaults_shelves_hall,
          v_misc_24, vaults_mumra_lcd, grunt_vaults_focal,
          vaults_room_stairs_pillars, nicolae_vaults_shelves_hall,
          v_alt_pattern_1, v_misc_18, vaults_room_fours, nicolae_vaults_theta
Vaults:5: serial_shops, uniq_xtahua
Crypt:1:  st_stairs_4, serial_sigils_hangedman_stare,
          small_chamber_with_monster, nicolae_crypt_cryptocurrency,
          fountainhead, uniq_mennas
Crypt:2:  uniq_saint_roka
Crypt:3:  due_elkab
Depths:1: minmay_misc_feat_five, grunt_hell_entry_demonic_statue,
          hangedman_abyss_or_decor_jellyfish_corner, st_stairs_9,
          nemelex_altar_shiori
Depths:2: kennysheep_gozag_temple, serial_shops, nicolae_shop_statue_plus,
          grunt_pan_entry_spiral, hangedman_tar_grid_catacomb, abyss_entry,
          onia_ninara_cookie, infiniplex_staircase_split_hallway, uniq_jorgrun
Depths:3: minmay_guarded_unrand_sceptre_of_torment, grunt_hell_entry_dis_mu,
          basic_altar, serial_shops, shop, grunt_pan_entry_in_and_out,
          serial_bayou_pond_c, serial_bayou_pond_e, minivault_16,
          minmay_misc_feat_square, infiniplex_staircase_pool_2, uniq_margery
Depths:4: minmay_stepped, enter_ziggurat_c, hell_entry, old_standard_altar,
          nicolae_abyss_entry_one_way_or_another, spider_trap,
          minmay_staircase_statues, serial_bayou_shore_a
Depths:5: grunt_zot_entry_tricorne, serial_shops, shop, serial_bayou_pond_e,
          special_room, pf_coc_iceberg, hangedman_decor_peaks_small
Zot:1:    basic_altar
Abyss:3:  evilmike_nicolae_abyss_rune_containment_curve
Bailey:   bailey_axe_3, bailey

Skill      XL: |  1  2  3  4  5  6  7  8  9 10 11 12 13 14 15 16 17 18 19 20 21 22 23 24 |
---------------+-------------------------------------------------------------------------+-----
Long Blades    | 3 4 5 6 7 9 10 11 13 14 15 16 17 | 17.5
Fighting       | 4 5 6 7 8 9 10 11 12 13 14 15 16 | 16.6
Dodging        | 1 3 4 5 7 8 9 10 11 12 13 | 13.9
Armour         | 2 4 6 7 8 9 10 11 12 13 14 16 | 16.6
Stealth        | 5 |  5.1
Shields        | 5 6 8 11 12 13 14 15 | 15.1
Necromancy     | 2 4 5 10 14 17 19 | 19.2
Charms         | 3 4 5 6 |  6.8
Spellcasting   | 2 5 6 7 9 10 | 10.1
Transmutations | 8 11 | 11.9

Action                   |  1- 3 |  4- 6 |  7- 9 | 10-12 | 13-15 | 16-18 | 19-21 | 22-24 || total
-------------------------+-------+-------+-------+-------+-------+-------+-------+-------++-------
Melee: Falchion          |   151 |   159 |   236 |   703 |       |       |       |       ||  1249
       Kick              |       |    17 |   112 |    71 |       |     1 |       |       ||   201
       Dagger            |       |       |    11 |       |       |       |       |       ||    11
       Double sword      |       |       |       |    87 |   460 |       |       |       ||   547
       Bite              |       |       |       |       |   320 |   461 |   425 |   692 ||  1898
       Long sword        |       |       |       |       |   852 |  1085 |   743 |   637 ||  3317
       Demon blade       |       |       |       |       |       |   820 |  1247 |   764 ||  2831
       Scimitar          |       |       |       |       |       |       |       |  1389 ||  1389
 Fire: Blowgun           |       |       |     4 |       |     3 |    11 |       |       ||    18
Throw: Throwing net      |       |       |       |     3 |       |       |       |       ||     3
 Cast: Animate Skeleton  |       |       |       |       |     5 |    40 |     3 |       ||    48
       Regeneration      |       |       |       |       |       |     3 |    30 |    39 ||    72
       Animate Dead      |       |       |       |       |       |     4 |    28 |    21 ||    53
       Death Channel     |       |       |       |       |       |     1 |    51 |    51 ||   103
       Vampiric Draining |       |       |       |       |       |       |    16 |     2 ||    18
       Dispel Undead     |       |       |       |       |       |       |       |    31 ||    31
Evoke: Wand              |       |       |       |     9 |     6 |     5 |     3 |     8 ||    31
       Lamp of fire      |       |       |       |     1 |       |       |       |       ||     1
  Use: Scroll            |     1 |     1 |    12 |    12 |     8 |    11 |    27 |    23 ||    95
       Potion            |       |       |     4 |    16 |       |     2 |    17 |     5 ||    44
 Stab: Paralysed         |     1 |     5 |     2 |       |       |       |       |     1 ||     9
       Petrified         |       |     2 |       |       |       |       |       |     2 ||     4
       Petrifying        |       |     2 |       |       |       |       |       |       ||     2
       Sleeping          |       |       |     7 |    30 |    13 |    16 |    12 |    50 ||   128
       Distracted        |       |       |     1 |     6 |    13 |    15 |    36 |    49 ||   120
       Confused          |       |       |       |     4 |    25 |    18 |    11 |    14 ||    72
       Held in net/web   |       |       |       |     4 |       |       |       |       ||     4
       Invisible         |       |       |       |       |       |       |    25 |       ||    25
  Eat: Chunk             |     1 |     5 |    13 |    17 |    26 |    22 |    23 |     9 ||   116
       Ration            |       |     1 |     1 |     4 |     1 |     7 |    11 |    25 ||    50
Armor: Leather armour    |    30 |       |       |       |       |       |       |       ||    30
       Chain mail        |    68 |     8 |       |       |       |       |       |       ||    76
       Scale mail        |       |    85 |    98 |   244 |   329 |       |       |       ||   756
       Skin              |       |       |    13 |       |       |    20 |       |       ||    33
       Ice dragon scales |       |       |       |       |    20 |   204 |   210 |       ||   434
       Storm dragon scal |       |       |       |       |       |   392 |   244 |   239 ||   875
       Fire dragon scale |       |       |       |       |       |       |       |   306 ||   306
Dodge: Dodged            |    53 |    86 |   120 |   407 |   788 |   833 |   561 |   845 ||  3693
Block: Other             |     8 |    27 |    35 |    11 |       |       |       |       ||    81
       Reflection        |       |       |     4 |     4 |       |       |    46 |    51 ||   105
       Buckler           |       |       |       |   252 |   344 |   238 |       |       ||   834
       Shield            |       |       |       |       |       |   337 |  1043 |  1467 ||  2847
       Rpst.: Falchion   |    18 |    22 |    27 |    86 |       |       |       |       ||   153
       Double sword      |       |       |       |    12 |    72 |       |       |       ||    84
       Long sword        |       |       |       |       |   110 |    87 |    22 |    13 ||   232
       Demon blade       |       |       |       |       |       |    70 |    76 |    49 ||   195
       Scimitar          |       |       |       |       |       |       |       |    79 ||    79

Table legend:
 A = Spawn XP
 B = Non-spawn XP
 C = Spawn XP percentage of total XP
 D = Spawn monster count
 E = Non-spawn monster count
 F = Spawn count percentage of total count
 G = Total turns spent on level
                    A         B        C        D         E        F      G
               +---------+---------+-------+---------+---------+-------+---------
         Total |       0 | 1136155 |   0.0 |       0 |    2189 |   0.0 | 69393
               +---------+---------+-------+---------+---------+-------+---------
           D:1 |       0 |      60 |   0.0 |       0 |      28 |   0.0 |  1094
           D:2 |       0 |      85 |   0.0 |       0 |      22 |   0.0 |   792
           D:3 |       0 |     359 |   0.0 |       0 |      29 |   0.0 |  1411
           D:4 |       0 |     299 |   0.0 |       0 |      22 |   0.0 |  1368
           D:5 |       0 |    1279 |   0.0 |       0 |      28 |   0.0 |  2093
           D:6 |       0 |     680 |   0.0 |       0 |      26 |   0.0 |  1290
           D:7 |       0 |    1402 |   0.0 |       0 |      22 |   0.0 |   763
           D:8 |       0 |    7720 |   0.0 |       0 |      23 |   0.0 |  1695
           D:9 |       0 |    2756 |   0.0 |       0 |      32 |   0.0 |  1566
          D:10 |       0 |    1125 |   0.0 |       0 |      14 |   0.0 |  1269
          D:11 |       0 |   10732 |   0.0 |       0 |      52 |   0.0 |  1760
          D:12 |       0 |   11787 |   0.0 |       0 |      46 |   0.0 |   950
          D:13 |       0 |   12266 |   0.0 |       0 |      43 |   0.0 |   856
          D:14 |       0 |    8939 |   0.0 |       0 |      41 |   0.0 |   747
          D:15 |       0 |   22611 |   0.0 |       0 |      44 |   0.0 |  1810
        Lair:1 |       0 |    5103 |   0.0 |       0 |      21 |   0.0 |  1419
        Lair:2 |       0 |    3613 |   0.0 |       0 |      13 |   0.0 |  1191
        Lair:3 |       0 |    7746 |   0.0 |       0 |      36 |   0.0 |  1864
        Lair:4 |       0 |    5051 |   0.0 |       0 |      17 |   0.0 |  1145
        Lair:5 |       0 |   14697 |   0.0 |       0 |      32 |   0.0 |  1352
        Lair:6 |       0 |   28140 |   0.0 |       0 |     100 |   0.0 |  1588
       Swamp:1 |       0 |    9857 |   0.0 |       0 |      26 |   0.0 |   841
       Swamp:2 |       0 |   12363 |   0.0 |       0 |      32 |   0.0 |  1226
       Swamp:3 |       0 |    9441 |   0.0 |       0 |      24 |   0.0 |   904
       Swamp:4 |       0 |   27520 |   0.0 |       0 |      55 |   0.0 |   977
       Snake:1 |       0 |   22773 |   0.0 |       0 |      38 |   0.0 |   828
       Snake:2 |       0 |   19551 |   0.0 |       0 |      37 |   0.0 |  1642
       Snake:3 |       0 |   36466 |   0.0 |       0 |      49 |   0.0 |  1454
       Snake:4 |       0 |   39459 |   0.0 |       0 |      78 |   0.0 |  1711
         Orc:1 |       0 |    3296 |   0.0 |       0 |      23 |   0.0 |   431
         Orc:2 |       0 |   23549 |   0.0 |       0 |     107 |   0.0 |  1879
         Elf:1 |       0 |   18178 |   0.0 |       0 |      32 |   0.0 |   929
         Elf:2 |       0 |   34452 |   0.0 |       0 |      53 |   0.0 |  1185
         Elf:3 |       0 |   71296 |   0.0 |       0 |      88 |   0.0 |  2572
      Vaults:1 |       0 |   45900 |   0.0 |       0 |      88 |   0.0 |  2084
      Vaults:2 |       0 |   34995 |   0.0 |       0 |      47 |   0.0 |  1787
      Vaults:3 |       0 |   33179 |   0.0 |       0 |      62 |   0.0 |  1695
      Vaults:4 |       0 |   82889 |   0.0 |       0 |     104 |   0.0 |  2788
      Vaults:5 |       0 |  111178 |   0.0 |       0 |     113 |   0.0 |  2288
       Crypt:1 |       0 |   23156 |   0.0 |       0 |      36 |   0.0 |   648
       Crypt:2 |       0 |   40450 |   0.0 |       0 |      58 |   0.0 |  1358
       Crypt:3 |       0 |   62506 |   0.0 |       0 |      93 |   0.0 |  2033
      Depths:1 |       0 |   31407 |   0.0 |       0 |      51 |   0.0 |  2054
      Depths:2 |       0 |   58249 |   0.0 |       0 |      68 |   0.0 |  2945
      Depths:3 |       0 |   42527 |   0.0 |       0 |      43 |   0.0 |  1488
      Depths:4 |       0 |   35698 |   0.0 |       0 |      29 |   0.0 |  1531
      Depths:5 |       0 |   58320 |   0.0 |       0 |      55 |   0.0 |  1665
        Bailey |       0 |    1050 |   0.0 |       0 |       9 |   0.0 |   171
               +---------+---------+-------+---------+---------+-------+---------
